 Dungeon Crawl Stone Soup version 0.30-a0-782-ge64f9170bb (webtiles) character file.

Game seed: 16217957012264894214

9898459 M4edhros the Talismancer (level 27, 217/217 HPs)
             Began as an Octopode Chaos Knight on Feb 16, 2023.
             Was the Champion of Zin.
             Escaped with the Orb
             ... and 15 runes on Feb 19, 2023!
             The game lasted 07:46:15 (172798 turns).

M4edhros the Talismancer (Octopode Chaos Knight)  Turns: 172798, Time: 07:46:16

Health: 217/217    AC:  3    Str: 16    XL:     27
Magic:  65/65      EV: 47    Int: 25    God:    Zin [******]
Gold:   4408       SH: 32    Dex: 26    Spells: 9/67 levels left

rFire   + + +      SeeInvis +    k - +8 trishula "Condemnation" {holy, anguish, *Noise Fly rN+}
rCold   + + +      Faith    .    c - +7 tower shield {reflect}
rNeg    + + +      Spirit   .    o - -2 hat of the Alchemist {rElec rPois rF+ rC+ rN+ Will+ rMut rCorr}
rPois   +          Reflect  +    C - amulet of Midsummer {rN+ Regen+ Int+4}
rElec   +          Harm     .    W - ring "Deir Moi" {Drain rN+++ Will+ EV+5}
rCorr   +          Rampage  .    I - ring "Urinoed" {rElec rF- MP+9 Str+4 SInv}
rMut    +          Archmagi +    Q - ring of Kikubaaqudgha's Wrath {Wiz *Corrode rPois rC++ MP+9}
Will    +++++      Clarity  +    R - ring "Sagatwoy" {rElec rF+ Will++ Int+4 Dex-3}
Stlth   +++++                    D - ring of Shadows {Umbra +Inv Stlth+}
HPRegen 1.36/turn                f - ring of the Mage {Wiz Archmagi}
MPRegen 0.39/turn                d - ring "Qekhupn" {EV+5 Int-2 Dex+7}
                                 T - ring "Cuasyniv" {Wiz Drain rN++ Slay+3}

@: flying, wreathed by umbra, studying 3 skills
A: almost no armour, amphibious, 8 rings, camouflage 1, gelatinous body 1,
(nimble swimmer 1), tentacles, antennae 1, tentacle spike 3, iridescent scales
2, clarity, clever 1, cold resistance 1, fire resistance 2, passive freeze,
noise suppression
0: Orb of Zot
}: 15/15 runes: decaying, slimy, silver, golden, iron, obsidian, icy, bone,
abyssal, demonic, glowing, magical, fiery, dark, gossamer
a: Renounce Religion, Evoke Invisibility, Recite, Vitalisation, Imprison,
Sanctuary, Donate Gold


You escaped.
You worshipped Zin.
Zin was exalted by your worship.
You visited 18 branches of the dungeon, and saw 87 of its levels.
You visited Pandemonium 3 times, and saw 21 of its levels.
You visited the Abyss 3 times.
You visited 2 ziggurats, and saw 35 of their levels (deepest: 22).
You also visited: Bailey, Ice Cave, Wizlab and Desolation.

You collected 22525 gold pieces.
You spent 4395 gold pieces at shops.
You donated 13722 gold pieces to Zin.

Inventory:

Hand Weapons
 a - the +11 Singing Sword {sonic wave}
   (You found it on level 5 of the Vaults)
 b - the +9 staff of Wucad Mu {*channel}
   (You acquired it on level 5 of the Lair of Beasts)

   *Channel:  It occasionally powers its wielder's spells, but with a chance of
   causing confusion or draining the wielder's intelligence.
   It becomes more likely to activate and less likely to backfire with increased
   Evocations skill.
 k - the +8 trishula "Condemnation" (weapon) {holy, anguish, *Noise Fly rN+}
   (You found it on level 3 of the Elven Halls)

   rN:        It protects you from negative energy.
   Fly:       It grants you flight.
   *Noise:    It may make noises in combat.
Missiles
 m - 5 silver javelins
 U - 21 boomerangs of dispersal
 X - 4 throwing nets
 Z - 6 curare-tipped darts (quivered)
Armour
 c - a +7 tower shield of reflection (worn)
 o - the -2 hat of the Alchemist (worn) {rElec rPois rF+ rC+ rN+ Will+ rMut rCorr}
   (You found it on level 3 of the Crypt)

   rF:        It protects you from fire.
   rC:        It protects you from cold.
   rElec:     It insulates you from electricity.
   rPois:     It protects you from poison.
   rN:        It protects you from negative energy.
   rCorr:     It protects you from acid and corrosion.
   rMut:      It protects you from mutation.
   Will:      It increases your willpower.
Jewellery
 d - the ring "Qekhupn" (on tentacle) {EV+5 Int-2 Dex+7}
   (You found it on level 3 of the Elven Halls)

   [ring of evasion]

   EV:        It affects your evasion (+5).
   Int:       It affects your intelligence (-2).
   Dex:       It affects your dexterity (+7).
 f - the ring of the Mage (on tentacle) {Wiz Archmagi}
   (You found it on level 3 of the Tomb of the Ancients)

   [ring of wizardry]

   It improves your spell success rate.
   Archmagi:  It increases the power of your magical spells.
 p - the necklace of Bloodlust {Fury *Rage Will++ Int-3 Slay+6}
   (You found it on level 22 of a ziggurat)

   [amulet of nothing]

   Fury:      It extends the wearer's berserk rage when killing foes.
   Int:       It affects your intelligence (-3).
   Slay:      It affects your accuracy & damage with ranged weapons and melee
   (+6).
   *Rage:     It berserks you when you make melee attacks (+50% chance).
   Will:      It greatly increases your willpower.
 v - the ring "Dicwaoko" {rF+ Str+6 Int+2 Dex+2}
   (You found it in the Desolation of Salt)

   [ring of strength]

   Str:       It affects your strength (+6).
   Int:       It affects your intelligence (+2).
   Dex:       It affects your dexterity (+2).
   rF:        It protects you from fire.
 y - the ring of the Tired Stars {rF- rC+ rN+ Will+ rCorr Str+7}
   (You found it on level 3 of the Crypt)

   [ring of positive energy]

   Str:       It affects your strength (+7).
   rF:        It makes you vulnerable to fire.
   rC:        It protects you from cold.
   rN:        It protects you from negative energy.
   rCorr:     It protects you from acid and corrosion.
   Will:      It increases your willpower.
 C - the amulet of Midsummer (around mantle) {rN+ Regen+ Int+4}
   (You found it on level 3 of the Elven Halls)

   [amulet of regeneration]

   Int:       It affects your intelligence (+4).
   rN:        It protects you from negative energy.
   Regen:     It increases your rate of health regeneration.
 D - the ring of Shadows (on tentacle) {Umbra +Inv Stlth+}
   (You found it on level 6 of a ziggurat)

   [ring of stealth]

   Umbra:     It surrounds you with an aura of shadow, increasing your stealth
   and reducing the accuracy of all others within it.
   +Inv:      It lets you turn invisible.
   Stlth:     It makes you more stealthy.
 F - the amulet of Untruth {Regen+ Dex+6}
   (You found it on level 16 of a ziggurat)

   [amulet of regeneration]

   Dex:       It affects your dexterity (+6).
   Regen:     It increases your rate of health regeneration.
 I - the ring "Urinoed" (right tentacle) {rElec rF- MP+9 Str+4 SInv}
   (You found it in the Desolation of Salt)

   [ring of magical power]

   Str:       It affects your strength (+4).
   rF:        It makes you vulnerable to fire.
   rElec:     It insulates you from electricity.
   MP:        It affects your magic capacity (+9).
   SInv:      It lets you see invisible.
 Q - the ring of Kikubaaqudgha's Wrath (on tentacle) {Wiz *Corrode rPois rC++ MP+9}
   (You found it on level 10 of a ziggurat)

   [ring of wizardry]

   It improves your spell success rate.
   rC:        It greatly protects you from cold.
   rPois:     It protects you from poison.
   MP:        It affects your magic capacity (+9).
   *Corrode:  It may corrode you when you take damage.
 R - the ring "Sagatwoy" (on tentacle) {rElec rF+ Will++ Int+4 Dex-3}
   (You bought it in a shop on level 15 of the Dungeon)

   [ring of protection from fire]

   Int:       It affects your intelligence (+4).
   Dex:       It affects your dexterity (-3).
   rF:        It protects you from fire.
   rElec:     It insulates you from electricity.
   Will:      It greatly increases your willpower.
 T - the ring "Cuasyniv" (on tentacle) {Wiz Drain rN++ Slay+3}
   (You found it on level 6 of a ziggurat)

   [ring of wizardry]

   It improves your spell success rate.
   Slay:      It affects your accuracy & damage with ranged weapons and melee
   (+3).
   rN:        It greatly protects you from negative energy.
   Drain:     It drains your maximum health when unequipped.
 W - the ring "Deir Moi" (left tentacle) {Drain rN+++ Will+ EV+5}
   (You found it on level 3 of the Tomb of the Ancients)

   [ring of evasion]

   EV:        It affects your evasion (+5).
   rN:        It renders you almost immune to negative energy.
   Drain:     It drains your maximum health when unequipped.
   Will:      It increases your willpower.
Wands
 q - a wand of digging (1)
 E - a wand of light (21)
 J - a wand of roots (51)
Scrolls
 e - 21 scrolls of teleportation
 h - a scroll of blinking
 j - 16 scrolls of magic mapping
 s - 10 scrolls of fog
 w - 13 scrolls of silence
 G - 16 scrolls of immolation
 N - 2 scrolls of summoning
 V - 6 scrolls of amnesia
 Y - 9 scrolls of fear
Potions
 g - 18 potions of might
 l - 24 potions of curing
 n - 13 potions of haste
 t - 13 potions of brilliance
 u - 12 potions of magic
 x - 12 potions of heal wounds
 z - 14 potions of flight
 A - 8 potions of resistance
 B - 8 potions of attraction
 H - 3 potions of invisibility
 K - 14 potions of cancellation
 L - 7 potions of berserk rage
 P - 34 potions of mutation
 S - 9 potions of ambrosia
Miscellaneous
 i - a lightning rod (4/4)
 r - a tin of tremorstones (2/2)
 M - a phial of floods
 O - a phantom mirror


   Skills:
 - Level 25.0 Fighting
 - Level 5.0(5.2) Short Blades
 - Level 2.2(3.9) Long Blades
 - Level 17.5 Maces & Flails
 O Level 27 Polearms
 - Level 25.0 Dodging
 - Level 18.2 Stealth
 + Level 21.0 Shields
 + Level 20.8 Spellcasting
 - Level 17.0 Conjurations
 - Level 25.0 Summonings
 - Level 9.0 Transmutations
 * Level 16.0 Ice Magic
 - Level 3.0 Air Magic
 O Level 27 Earth Magic
 - Level 10.3 Poison Magic
 O Level 27 Invocations
 O Level 27 Evocations


You had 9 spell levels left.
You knew the following spells:

 Your Spells              Type           Power      Damage    Failure   Level
a - Spellforged Servitor  Conj/Summ      57%        N/A       1%          7
b - Lehudib's Crystal Sp  Conj/Erth      58%        10d14     1%          8
c - Blink                 Tloc           78%        N/A       1%          2
d - Shatter               Erth           63%        3d47*     1%          9
f - Dragon's Call         Summ           61%        N/A       2%          9
h - Summon Forest         Summ/Tloc      46%        N/A       1%          5
i - Summon Hydra          Summ           61%        N/A       1%          7
j - Eringya's Noxious Bo  Tmut/Pois      42%        N/A       1%          6
k - Summon Lightning Spi  Summ/Air       97%        N/A       1%          4
l - Apportation           Tloc           78%        N/A       1%          1

Your spell library contained the following spells:

 Spells                   Type           Power      Damage    Failure   Level
 Freeze                   Ice            100%       1d10      0%          1
 Magic Dart               Conj           100%       1d8       0%          1
 Sandblast                Erth           100%       2d20      0%          1
 Summon Small Mammal      Summ           100%       N/A       0%          1
 Call Imp                 Summ           100%       N/A       0%          2
 Passwall                 Tmut/Erth      90%        N/A       0%          2
 Searing Ray              Conj           100%       2d8       0%          2
 Call Canine Familiar     Summ           100%       N/A       0%          3
 Frozen Ramparts          Ice            100%       1d16      0%          3
 Hailstorm                Conj/Ice       100%       3d20      0%          3
 Ozocubu's Armour         Ice            100%       N/A       0%          3
 Stone Arrow              Conj/Erth      100%       3d13      0%          3
 Petrify                  Tmut/Erth      100%       N/A       0%          4
 Summon Ice Beast         Ice/Summ       100%       N/A       0%          4
 Lee's Rapid Deconstruct  Erth           63%        3d29*     0%          5
 Summon Cactus Giant      Summ           61%        N/A       0%          6
 Foxfire                  Conj/Fire      100%       2x1d9     1%          1
 Kiss of Death            Conj/Necr      100%       2d13      1%          1
 Necrotise                Necr           100%       1d9       1%          1
 Shock                    Conj/Air       100%       1d9       1%          1
 Slow                     Hex            100%       N/A       1%          1
 Sting                    Tmut/Pois      100%       1d8       1%          1
 Cigotuvi's Dreadful Rot  Necr/Pois/Air  100%       N/A       1%          2
 Ensorcelled Hibernation  Hex/Ice        100%       N/A       1%          2
 Lesser Beckoning         Tloc           78%        N/A       1%          2
 Momentum Strike          Conj/Tloc      100%       3d10      1%          2
 Poisonous Vapours        Pois/Air       100%       N/A       1%          2
 Static Discharge         Conj/Air       100%       2-7/arc   1%          2
 Sublimation of Blood     Necr           39%        N/A       1%          2
 Wereblood                Tmut           82%        N/A       1%          2
 Confusing Touch          Hex            39%        N/A       1%          3
 Dazzling Flash           Conj/Hex       100%       N/A       1%          3
 Gell's Gravitas          Tloc           39%        N/A       1%          3
 Ignite Poison            Fire/Tmut/Pois 73%        N/A       1%          3
 Inner Flame              Hex/Fire       39%        N/A       1%          3
 Kindle Blastsparks       Fire/Tloc/Air  92%        2d17      1%          3
 Mephitic Cloud           Conj/Pois/Air  86%        N/A       1%          3
 Portal Projectile        Hex/Tloc       78%        N/A       1%          3
 Spider Form              Tmut/Pois      84%        N/A       1%          3
 Summon Guardian Golem    Hex/Summ       93%        N/A       1%          3
 Swiftness                Air            57%        N/A       1%          3
 Teleport Other           Tloc           39%        N/A       1%          3
 Tukima's Dance           Hex            39%        N/A       1%          3
 Vampiric Draining        Necr           39%        2d8       1%          3
 Vhi's Electric Charge    Tloc/Air       100%       N/A       1%          3
 Airstrike                Air            28%        2d(5-21)  1%          4
 Flame Wave               Conj/Fire      80%        2d17      1%          4
 Fulminant Prism          Conj/Hex       40%        3d19      1%          4
 Ice Form                 Ice/Tmut       93%        N/A       1%          4
 Iskenderun's Mystic Bla  Conj/Tloc      80%        2d16      1%          4
 Leda's Liquefaction      Hex/Erth       48%        N/A       1%          4
 Olgreb's Toxic Radiance  Pois           87%        N/A       1%          4
 Sticky Flame             Conj/Fire      80%        2d9       1%          4
 Alistair's Intoxication  Tmut/Pois      56%        N/A       1%          5
 Arcjolt                  Conj/Air       42%        1d52      1%          5
 Blade Hands              Tmut           41%        N/A       1%          5
 Borgnjor's Vile Clutch   Necr/Erth      48%        N/A       1%          5
 Fireball                 Conj/Fire      40%        3d16      1%          5
 Freezing Cloud           Conj/Ice/Air   46%        6-21      1%          5
 Irradiate                Conj/Tmut      47%        3d27      1%          5
 Iskenderun's Battlesphe  Conj           100%       2d15      1%          5
 Lightning Bolt           Conj/Air       42%        1d62      1%          5
 Metabolic Englaciation   Hex/Ice        39%        N/A       1%          5
 Summon Mana Viper        Hex/Summ       93%        N/A       1%          5
 Conjure Ball Lightning   Conj/Air       42%        3x3d15    1%          6
 Iron Shot                Conj/Erth      58%        9d11      1%          6
 Statue Form              Tmut/Erth      72%        N/A       1%          6
 Monstrous Menagerie      Summ           61%        N/A       1%          7
 Orb of Destruction       Conj           52%        9d13      1%          7
 Ozocubu's Refrigeration  Ice            51%        4d18      1%          7
 Summon Horrible Things   Summ           61%        N/A       1%          8
 Yara's Violent Unravell  Hex/Tmut       32%        3d13      3%          5
 Starburst                Conj/Fire      40%        6d11      3%          6
 Malign Gateway           Summ/Tloc      46%        N/A       3%          7
 Simulacrum               Ice/Necr       39%        N/A       4%          6
 Anguish                  Hex/Necr       19%        N/A       6%          4
 Animate Dead             Necr           39%        N/A       6%          4
 Cause Fear               Hex            19%        N/A       6%          4
 Dispel Undead            Necr           39%        3d16      6%          4
 Manifold Assault         Tloc           39%        N/A       6%          4
 Passage of Golubria      Tloc           39%        N/A       6%          4
 Silence                  Hex/Air        25%        N/A       10%         5
 Dragon Form              Tmut           41%        N/A       13%         7
 Agony                    Necr           39%        N/A       17%         5
 Storm Form               Tmut/Air       35%        N/A       38%         7
 Polar Vortex             Ice            51%        N/A       58%         9
 Death Channel            Necr           19%        N/A       61%         6
 Dispersal                Tloc           19%        N/A       61%         6
 Enfeeble                 Hex            19%        N/A       98%         7
 Necromutation            Tmut/Necr      32%        N/A       99%         8
 Borgnjor's Revivificati  Necr           19%        N/A       100%        8
 Discord                  Hex            19%        N/A       100%        8
 Disjunction              Tloc           19%        N/A       100%        8
 Ignition                 Fire           19%        3d7       100%        8
 Infestation              Necr           19%        N/A       100%        8
 Maxwell's Capacitive Co  Air            28%        ∞         100%        8
 Chain Lightning          Conj/Air       42%        3d56      100%        9
 Death's Door             Necr           19%        N/A       100%        9
 Fire Storm               Conj/Fire      40%        8d10      100%        9
 Animate Armour           Summ/Erth      Unusable   N/A       N/A         4

Dungeon Overview and Level Annotations

Branches:
Dungeon (15/15)            Temple (1/1) D:4            Lair (5/5) D:11
  Swamp (4/4) Lair:3       Spider (4/4) Lair:3        Slime (5/5) Lair:4
    Orc (2/2) D:10            Elf (3/3) Orc:2        Vaults (5/5) D:13
  Crypt (3/3) Vaults:3       Tomb (3/3) Crypt:3      Depths (4/4) D:15
   Hell (visited)             Dis (7/7) Hell            Geh (7/7) Hell
    Coc (7/7) Hell            Tar (7/7) Hell            Zot (5/5) Depths:4
 Bailey (visited)           IceCv (visited)          WizLab (visited)
Desolation (visited)

Altars:
Ashenzari
Cheibriados
Dithmenos
Elyvilon
Fedhas
Kikubaaqudgha
Okawaru
Qazlal
Ru
Sif Muna
Uskayaw
Vehumet
Wu Jian
Xom
Yredelemnul
Zin
The Shining One
Jiyva

Shops:
D:9 :   D:13 (   D:15 =   Orc:2 *!:(   Elf:1 **(   Elf:2 ::=   Elf:3 =
Vaults:1 (   Vaults:2 *   Vaults:5 (   Zot:5 *

Portals:
Hell: Depths:1 Depths:2 Depths:3 Depths:4
Abyss: Lair:2 Depths:3
Pandemonium: Orc:2 Depths:2

Annotations:
D:10 exclusion: oklob plant
Spider:3 2 transporters, Peveen Urom's ghost, adept HOFi
Elf:1 3 runed translucent doors, fly's ghost, adept DgDe
Zot:4 Kyph's ghost, legendary MiBe


Innate Abilities, Weirdness & Mutations

You cannot wear most types of armour.
You are amphibious.
You can wear up to eight rings at the same time.
Your skin changes colour to match your surroundings (Stealth+).
Your rubbery body absorbs attacks. (AC +1, EV +1)
((You are camouflaged when in or above water. (Stealth+)))
You have tentacles for arms and can constrict up to eight enemies at once.
You have a pair of small antennae on your head.
One of your tentacles bears a large vicious spike.
You are mostly covered in iridescent scales. (AC +4)
You possess an exceptional clarity of mind.
Your mind is acute. (Int +4, Str/Dex -1)
Your flesh is cold resistant. (rC+)
Your flesh is very heat resistant. (rF++)
A frigid envelope surrounds you and freezes all who hurt you.
You passively dampen the noise of your surroundings.


Message History

You hit the sun demon.
The sun demon convulses.
You pierce the sun demon, but do no damage.
You squeeze the sun demon.
The sun demon is almost dead.
You constrict the sun demon, but do no damage.
The sun demon completely misses you.
You barely miss the sun demon.
You pierce the sun demon.
You kill the sun demon!
You hit the sun demon.
The sun demon convulses.
The sun demon is haunted by guilt!
Your grab misses the sun demon.
Your tentacle spike misses the sun demon.
The sun demon is lightly wounded.
You can once more reach out to the dragon horde.
You barely miss the sun demon. You grab the sun demon.
You pierce the sun demon, but do no damage.
The sun demon is lightly wounded.
You constrict the sun demon. You block the sun demon's attack.
You impale the sun demon!!
The sun demon convulses!!
You kill the sun demon!
The balrug gestures at you. The bolt of fire misses you.
You reach to attack!
You impale the balrug!!
You kill the balrug!
Your Ice Magic skill increases to level 16!
No target in view!
No target in view!
No target in view!
No target in view!
(D) Dungeon (T) Temple (L) Lair (S) Swamp (N) Spider Nest (M) Slime Pits (O) Orcish Mines (E) Elven Halls (V) Vaults (C) Crypt (W) Tomb (U) Depths (H) Hell (I) Dis (G) Gehenna (X) Cocytus (Y) Tartarus (Z) Zot
Where to? (Enter - D:1 @ (x,y), ? - help)
You reach down and open the door.
HP restored.
There is an open door here.
Magic restored.
There is an open door here.
There is a staircase leading out of the dungeon here.
You have escaped!

######## #......#
#.####.# #.# #.# ###
#.####.#########.####
#.##................#
#.##.#.##############
###......# ####8@8####
.........###.........##
####....###8.........8#
#...## #...8...8...#
###.# #8.........8# #.#
##.........## ##'##
#.........# ##...##
#####'##### ##.....##
#.#.#


There were no monsters in sight!

Vanquished Creatures
  Asmodeus (Geh:7)
  the Royal Jelly (Slime:5)
  Ereshkigal (Tar:7)
  Lom Lobon (Pan)
  A seraph (Pan)
  10 dread liches
  6 ancient liches
  Dispater (Dis:7)
  Mara (Swamp:3)
  4 orbs of fire
  19 royal mummies
  Sojobo (Depths:2)
  Frederick (Crypt:3)
  2 Killer Klowns (Zot:5)
  2 curse toes
  8 shard shrikes
  Boris (Vaults:4)
  Geryon (Hell)
  22 caustic shrikes
  10 golden dragons
  20 bone dragons
  4 profane servitors
  Jory (Vaults:2)
  5 pandemonium lords
  A pearl dragon (Zig:13)
  11 doom hounds
  9 Tzitzimimeh
  9 Brimstone Fiends
  A shard shrike zombie (Crypt:1)
  14 tentacled monstrosities
  6 electric golems
  12 hellephants
  11 tainted leviathans
  5 liches
  3 iron giants
  22 Orb Guardians
  4 quicksilver dragons
  8 Hell Sentinels
  8 Ice Fiends
  Grunn (Depths:3)
  4 searing wretches
  5 deep elf blademasters
  4 titans
  8 tentacled starspawn
  15 acid blobs
  4 deep elf master archers
  8 death cobs
  19 Executioners
  5 sphinxes
  15 ancient champions
  A thorn hunter (Swamp:2)
  Kirke (D:15)
  6 shadow dragons
  The ghost of Duil the Thaumaturge, an adept DsCj of Cheibriados (Elf:3)
  8 storm dragons
  5 tengu reavers
  14 rockslimes
  6 azure jellies
  38 daevas
  5 draconian monks
  8 demonspawn warmongers
  11 narguns
  7 revenants
  4 nagarajas
  Donald (Vaults:2)
  7 frost giants
  6 emperor scorpions
  11 fire giants
  2 imperial myrmidons (Desolation)
  5 iron dragons
  26 balrugs
  7 deep elf sorcerers
  4 draconian knights
  6 quicksilver elementals
  Louise (D:14)
  4 draconian scorchers
  4 orc warlords
  A spectral caustic shrike (Tar:4)
  12 ghost moths
  11 vault wardens
  A shard shrike simulacrum (Coc:7)
  8 draconian shifters
  12 draconian stormcallers
  17 reapers
  9 demonspawn blood saints
  2 curse skulls
  14 ironbound preservers
  16 cacodemons
  4 ghouls
  89 angels
  5 deep elf elementalists (Elf:3)
  A broodmother (Zig:15)
  4 quicksilver oozes
  2 juggernaut skeletons
  A spriggan defender (Depths:4)
  12 stone giants
  10 draconian annihilators
  10 war gargoyles
  7 demonspawn corrupters
  44 ophanim
  3 eleionomae
  17 very ugly things
  12 demonspawn black suns
  7 black draconians
  8 ironbound thunderhulks
  A spectral titan (Tar:1)
  12 putrid mouths
  A halazid warlock (Desolation)
  11 vampire knights
  22 lorocyprocas
  5 elemental wellsprings
  5 deep elf annihilators
  8 red draconians
  12 deep elf demonologists
  6 dire elephants
  14 white draconians
  2 green draconians
  64 apis
  7 bennus
  10 spark wasps
  2 bunyips (Swamp:4)
  4 wendigos (Coc:7)
  11 yellow draconians
  11 purple draconians
  The ghost of Viceroy the Convoker, a journeyman BaIE of Okawaru (D:11)
  5 ragged hierophants (Desolation)
  19 green deaths
  11 blizzard demons
  7 deep elf death magi
  4 iron golems
  Snorg (D:14)
  5 ettins
  15 mummy priests
  A quicksilver dragon zombie (Tomb:1)
  A merfolk javelineer (Zig:6)
  13 eidola
  2 fire dragons (Depths:4)
  12 great orbs of eyes
  11 yaktaur captains
  7 entropy weavers
  4 spriggan zombies
  5 servants of whispers (Desolation)
  13 jiangshi
  5 deep elf high priests
  12 ice dragons
  6 salamander tyrants
  9 hell beasts
  3 rakshasas
  A spectral spriggan (Zig:18)
  3 peacekeepers (Desolation)
  A quicksilver dragon skeleton (Zig:7)
  2 caustic shrike simulacra
  2 jorogumos
  9 hydras
  2 juggernaut simulacra
  3 ghost crabs
  4 spriggan air magi
  5 stokers
  3 demonspawn (Orc:2)
  An anaconda (Zig:17)
  An ogre mage (Vaults:2)
  25 vault guards (Vaults:5)
  3 ironbound frosthearts
  5 death knights
  6 centaur warriors
  6 spriggan skeletons
  3 death yaks (Lair:3)
  5 two-headed ogres
  3 radroaches
  7 boulder beetles
  3 deep troll shamans
  3 alligators
  22 hell hogs
  16 death scarabs
  7 deep troll earth magi
  A spectral dire elephant (Tar:1)
  8 tengu warriors
  A spectral stone giant (Tar:1)
  4 orc high priests
  A naga sharpshooter (Zig:10)
  27 dancing weapons
  A naga warrior (Zig:10)
  13 vampire magi
  6 holy swine (Pan)
  The ghost of TryHard88 the Fighter, a novice MiBe of Trog (D:6)
  49 soul eaters
  A titan zombie (Depths:3)
  9 thrashing horrors
  7 crystal echidnas
  15 deep elf knights
  11 iron trolls
  3 spriggan berserkers
  11 hell knights
  2 titan skeletons
  9 wretched stars
  24 sixfirhies
  87 sun demons
  Nergalle (Lair:1)
  27 skeletal warriors
  25 shadow wraiths
  The ghost of zamzamzam the Basher, a novice HuFi (D:6)
  A golden dragon zombie (Depths:1)
  7 goliath frogs
  5 pharaoh ants
  Lodul (D:10)
  A spectral bunyip (Tar:1)
  A quicksilver dragon simulacrum (Coc:7)
  30 shadow demons
  13 bog bodies
  4 spriggan druids
  5 flayed ghosts
  6 orb spiders
  An obsidian statue (Depths:1)
  34 cherubim
  A skyshark (Lair:2)
  4 kraken simulacra (Coc:4)
  2 spectral anacondas
  9 glowing orange brains
  4 swamp dragons
  13 wizards
  57 deep trolls
  2 spriggan simulacra
  8 deep elf archers
  9 necromancers
  9 steelbarb worms
  7 phantasmal warriors
  27 deep elf pyromancers
  15 ironbound convokers
  11 orc knights
  A golden dragon skeleton (Tar:7)
  Pikel (D:9)
  16 deep elf zephyrmancers
  6 harpies
  2 lindwurms (Vaults:2)
  5 shining eyes
  A spectral ettin (Tar:3)
  A fire giant zombie (Vaults:3)
  A faun (Zig:6)
  2 iron dragon zombies
  18 ugly things
  A frost giant zombie (Zig:1)
  A stone giant zombie (Vaults:3)
  11 orc sorcerers (Orc:2)
  A tengu skeleton (Depths:1)
  18 wolf spiders
  8 manticores
  A shadow dragon skeleton (Vaults:3)
  9 cyclopes
  3 will-o-the-wisps
  A worldbinder (Abyss:2)
  3 salamanders
  23 moths of wrath
  A goliath frog skeleton (Crypt:2)
  Maurice (D:13)
  17 elephants
  11 vault sentinels
  A stone giant skeleton (Crypt:2)
  An ice statue (Coc:7)
  3 apocalypse crabs
  8 black mambas
  2 guardian serpents
  8 molten gargoyles (Hell)
  7 torpor snails
  A naga mage (Zig:17)
  2 gargoyles
  A storm dragon simulacrum (Crypt:3)
  40 smoke demons
  5 eyes of devastation
  11 rust devils
  12 cane toads
  A dire elephant zombie (Crypt:3)
  A centaur skeleton (Pan)
  A dire elephant skeleton (Pan)
  13 nameless horrors
  22 demonic crawlers
  27 orange demons
  5 efreet
  21 hellions
  6 rime drakes
  41 yaktaurs
  3 anaconda simulacra
  2 kobold demonologists
  18 tormentors
  A death yak skeleton (Crypt:1)
  3 tengu conjurers
  7 ice devils
  An ancient zyme (Abyss:5)
  17 freezing wraiths
  A bunyip simulacrum (Coc:1)
  5 komodo dragons
  A catoblepas skeleton (Pan)
  4 spectral harpies
  11 trolls
  An elf skeleton (Vaults:3)
  An unseen horror skeleton (Crypt:1)
  A wind drake (Lair:5)
  45 guardian mummies
  9 hornets
  A queen bee (shapeshifter) (D:4)
  12 red devils
  28 hellwings
  9 meliai
  3 harpy skeletons
  A moth of wrath zombie (Crypt:1)
  4 tyrant leeches
  33 saltlings (Desolation)
  68 large abominations
  3 polar bears
  16 raiju
  2 ice dragon zombies (Crypt:2)
  A dream sheep (shapeshifter) (Depths:4)
  18 tarantellas
  10 dream sheep (Lair:4)
  A jumping spider zombie (Crypt:2)
  A blink frog (shapeshifter) (D:13)
  23 blink frogs
  An iron dragon simulacrum (Coc:1)
  20 flying skulls
  33 jumping spiders
  A merfolk skeleton (Pan)
  2 air elementals
  39 ynoxinuls
  29 culicivoras
  An elf zombie (Vaults:3)
  6 water elementals
  57 slime creatures
  4 wyverns
  A centaur simulacrum (D:11)
  5 spriggans
  An ice dragon skeleton (Pan)
  19 shadows
  A black mamba skeleton (Tomb:1)
  2 dire elephant simulacra (IceCv)
  A vampire (D:10)
  6 ushabtiu
  2 hogs (D:15)
  18 starcursed masses
  20 yaks
  A spriggan (shapeshifter) (D:14)
  13 humans (D:13)
  3 fire elementals (Zig:12)
  A golden eye (shapeshifter) (Vaults:5)
  7 wraiths
  37 chaos spawn
  11 golden eyes
  15 vampire mosquitoes
  4 basilisks
  5 swamp worm simulacra (Swamp:4)
  A minotaur simulacrum (IceCv)
  3 steam dragons
  33 neqoxecs
  Menkaure (D:7)
  9 wargs
  39 redbacks
  8 harpy simulacra
  2 nagas
  10 swamp worms
  A fire bat zombie (Crypt:3)
  A naga zombie (Tomb:2)
  A cane toad zombie (Crypt:1)
  11 hydra simulacra
  An acid dragon (D:11)
  9 water moccasins
  2 floating eyes
  A floating eye (shapeshifter) (Lair:2)
  2 hell hounds (Zig:12)
  A demonspawn skeleton (Crypt:3)
  45 orc warriors
  2 ice beasts
  2 ettin simulacra
  An alligator simulacrum (IceCv)
  3 swamp drakes (Swamp:4)
  A sky beast (D:7)
  2 boggarts (Elf:1)
  A boggart (shapeshifter) (D:4)
  15 ogres
  16 centaurs
  9 wolves
  3 lemures (D:9)
  A phantom (D:4)
  3 kobold brigands
  10 bullfrogs
  2 human zombies
  A gnoll sergeant (D:9)
  3 necrophages
  3 scorpions
  A deep troll simulacrum (IceCv)
  An earth elemental (Zig:16)
  A naga simulacrum (Coc:5)
  3 human skeletons
  7 wights
  4 small abominations
  2 lindwurm simulacra (IceCv)
  A raiju zombie (Crypt:2)
  An electric eel (Lair:3)
  6 howler monkeys
  2 crimson imps (Pan)
  A quasit (Abyss:2)
  4 hounds
  36 orc priests
  A jelly (D:7)
  A black bear skeleton (Crypt:2)
  A gnoll bouda (Orc:2)
  5 iguanas
  Ijyb (D:3)
  A lightning spire (Zot:2)
  31 orc wizards
  7 hell rats
  An ogre zombie (D:4)
  34 mummies
  3 gnoll zombies
  9 adders
  30 gnolls
  A shadow imp (D:6)
  2 white imps
  4 ufetubi
  A lava snake zombie (Crypt:2)
  3 worms
  3 dart slugs
  104 orcs
  5 bats
  A bat zombie (Crypt:1)
  3 endoplasms
  5 giant cockroaches
  6 goblins
  6 hobgoblins
  2 jackals (D:4)
  7 quokkas
  4 ball pythons
  5 frilled lizards
  A frilled lizard skeleton (Crypt:1)
  14 kobolds
  7 rats
  3 creeping infernos
  18 fire vortices
  A lurking horror (Abyss:7)
  10 pillars of salt
  A snaplasher vine (Zig:8)
  2 starspawn tentacles (Abyss:5)
  8 tentacles (Coc:4)
  A withered plant (Depths:4)
3854 creatures vanquished.

Vanquished Creatures (collateral kills)
  Antaeus (Coc:7)
  Gloorx Vloq (Pan)
  the Serpent of Hell (Dis:7)
  2 dread liches
  4 orbs of fire
  5 ancient liches
  Mennas (Pan)
  2 juggernauts
  16 royal mummies
  Boris (Tomb:1)
  5 shard shrikes
  A Killer Klown (Zot:5)
  Margery (Crypt:2)
  Saint Roka (Vaults:2)
  15 caustic shrikes
  5 golden dragons
  5 profane servitors
  Nikola (Swamp:3)
  11 bone dragons
  6 doom hounds
  7 Brimstone Fiends
  2 pearl dragons (Pan)
  8 iron giants
  An electric golem (Zot:5)
  9 hellephants
  12 Tzitzimimeh
  19 tentacled monstrosities
  8 pandemonium lords
  12 Hell Sentinels
  9 Ice Fiends
  7 liches
  A shard shrike skeleton (Tar:7)
  11 acid blobs
  10 searing wretches
  Asterion (Vaults:2)
  A moon troll (WizLab)
  6 Orb Guardians (Zot:5)
  14 tainted leviathans
  A quicksilver dragon (Zot:1)
  5 titans
  A walking divine tome (Abyss:6)
  10 ancient champions
  A death cob (Zot:2)
  A walking frostbound tome (Depths:2)
  8 tentacled starspawn
  12 Executioners
  4 tengu reavers
  A sphinx (Vaults:4)
  A shadow dragon (Zot:1)
  8 storm dragons
  4 draconian monks (Zig:21)
  5 nagarajas
  4 azure jellies
  7 rockslimes
  4 revenants
  2 demonspawn warmongers (Pan)
  2 emperor scorpions (Spider:4)
  6 narguns (Coc:7)
  3 draconian knights (Zig:21)
  5 iron dragons
  22 daevas (Pan)
  A fenstrider witch (Swamp:4)
  2 deep elf sorcerers
  29 balrugs
  10 vault wardens
  13 fire giants
  8 frost giants
  A juggernaut zombie (Crypt:3)
  A spectral juggernaut (Tar:4)
  An imperial myrmidon (Desolation)
  5 draconian shifters
  4 draconian annihilators
  4 draconian scorchers
  46 angels (Pan)
  3 draconian stormcallers
  8 ghouls
  2 spectral caustic shrikes
  13 quicksilver elementals
  3 ghost moths
  3 curse skulls
  11 very ugly things
  4 orc warlords
  14 cacodemons
  15 war gargoyles
  A juggernaut skeleton (Zig:7)
  7 ironbound preservers
  9 reapers
  A caustic shrike skeleton (Tar:7)
  4 demonspawn blood saints
  A spriggan defender (Depths:2)
  6 quicksilver oozes
  5 demonspawn corrupters
  2 starflowers (Abyss:7)
  29 ophanim
  An ironbound thunderhulk (Vaults:1)
  An eleionoma (Swamp:3)
  9 stone giants
  2 deep elf demonologists
  2 green draconians
  A vampire knight (Crypt:3)
  9 elemental wellsprings
  5 demonspawn black suns (Pan)
  5 black draconians
  6 bennus
  3 purple draconians
  55 apis
  4 white draconians
  16 putrid mouths
  A halazid warlock (Desolation)
  4 wendigos
  8 lorocyprocas
  4 spark wasps
  2 bunyips
  2 red draconians
  6 dire elephants
  6 ettins
  8 green deaths
  7 eidola
  12 iron golems
  5 yellow draconians
  4 deep elf death magi
  2 entropy weavers
  8 mummy priests
  3 spectral spriggans
  3 deep elf high priests (Zig:16)
  6 ragged hierophants (Desolation)
  A merfolk impaler (Abyss:4)
  8 blizzard demons
  5 jiangshi
  6 fire dragons
  6 great orbs of eyes
  A merfolk javelineer (Zig:6)
  2 spriggan zombies
  4 ice dragons
  9 yaktaur captains
  A vault guard (Vaults:4)
  A spectral tengu (Zig:18)
  2 servants of whispers (Desolation)
  8 peacekeepers (Desolation)
  2 quicksilver dragon skeletons
  3 juggernaut simulacra
  6 salamander tyrants
  4 hell beasts (Pan)
  2 radroaches (Zig:15)
  4 centaur warriors
  A spriggan air mage (Depths:4)
  3 spriggan skeletons
  2 caustic shrike simulacra
  2 anacondas
  3 hydras
  The ghost of Teskilo the Geomancer, a journeyman GrEE of Gozag (Lair:2)
  2 alligators
  2 boulder beetles
  A death knight (Crypt:3)
  A stoker (Geh:5)
  2 jorogumos
  2 tengu warriors (Depths:3)
  6 deep troll earth magi
  11 death scarabs
  4 dancing weapons
  4 vampire magi
  3 deep troll shamans
  4 naga warriors
  2 spectral dire elephants (Tar:4)
  5 orc high priests
  4 spriggan berserkers
  4 deep elf knights
  11 thrashing horrors
  17 hell hogs
  A titan zombie (Depths:3)
  3 death yaks (Lair:4)
  6 naga sharpshooters
  A shock serpent (Zig:10)
  38 sun demons
  7 hell knights
  17 skeletal warriors
  24 soul eaters
  4 spriggans
  A sun moth (Zig:15)
  5 wretched stars
  14 crystal echidnas
  A salamander mystic (Zig:10)
  9 iron trolls
  15 sixfirhies
  2 spatial maelstroms
  A fire crab (Zig:12)
  4 glowing orange brains
  A golden dragon zombie (Crypt:3)
  2 titan skeletons
  2 goliath frogs (Swamp:3)
  2 pharaoh ants
  14 shadow wraiths
  An anaconda zombie (Crypt:3)
  9 orb spiders
  A glowing orange brain (shapeshifter) (Zig:11)
  An orange crystal statue (WizLab)
  5 flayed ghosts
  A spectral bunyip (Tar:2)
  33 cherubim
  4 spriggan simulacra
  4 bog bodies
  A spriggan druid (Swamp:1)
  3 deep elf archers (Zig:16)
  A deep troll (shapeshifter) (Zig:11)
  A swamp dragon (Swamp:1)
  7 phantasmal warriors
  A sea snake (shapeshifter) (Vaults:5)
  2 kraken simulacra (Coc:4)
  A quicksilver dragon simulacrum (Coc:1)
  A naga ritualist (Zig:17)
  23 deep trolls
  5 harpies
  6 shadow demons (Pan)
  9 ironbound convokers
  A wizard (Abyss:6)
  An obsidian statue (IceCv)
  5 necromancers
  A mana viper (Zig:17)
  4 orc knights
  4 deep elf zephyrmancers
  A steelbarb worm (Zig:15)
  7 deep elf pyromancers
  4 cyclopes
  6 shining eyes
  An iron dragon skeleton (Crypt:1)
  11 moths of wrath
  A human skeleton (Vaults:3)
  9 ugly things
  4 elephants
  An alligator snapping turtle zombie (Tomb:3)
  A centaur zombie (Crypt:1)
  A rust devil (Pan)
  2 titan simulacra
  9 guardian serpents
  A molten gargoyle (Desolation)
  4 ice statues (Coc:6)
  4 vault sentinels
  A stone giant skeleton (Crypt:2)
  A dire elephant zombie (Tar:7)
  2 black mambas (Zig:17)
  A naga mage (Zig:17)
  9 eyes of devastation
  7 demonic crawlers (Pan)
  A draconian skeleton (Pan)
  4 torpor snails
  A gargoyle (Zig:4)
  19 orange demons
  A centaur skeleton (Pan)
  26 smoke demons
  A naga skeleton (Pan)
  A minotaur zombie (Crypt:1)
  14 freezing wraiths
  3 cane toads
  4 efreet
  36 yaktaurs
  3 komodo dragons
  An ice devil (Pan)
  14 tormentors
  11 ancient zymes
  A bunyip simulacrum (Crypt:3)
  10 hellions
  A hydra zombie (Crypt:1)
  A catoblepas skeleton (Pan)
  A tengu conjurer (D:11)
  48 guardian mummies
  5 red devils
  3 anaconda simulacra (IceCv)
  A troll (Zig:14)
  A bloated husk (Swamp:3)
  A harpy zombie (Crypt:3)
  8 hellwings
  An iron troll skeleton (Crypt:1)
  A silent spectre (Tar:6)
  A meliai (Zig:15)
  A polar bear (Lair:4)
  7 nameless horrors
  A tyrant leech (Swamp:2)
  3 tarantellas (Spider:4)
  41 saltlings (Desolation)
  4 hornets
  2 harpy skeletons
  22 raiju
  A dream sheep (shapeshifter) (Zig:11)
  A blink frog (Lair:5)
  3 dream sheep (Lair:4)
  An ettin zombie (Tar:7)
  An iron dragon simulacrum (Coc:7)
  3 jumping spiders
  65 slime creatures
  2 stone giant simulacra
  20 flying skulls
  A centaur simulacrum (Crypt:3)
  3 yaks
  5 humans (D:13)
  6 water elementals
  20 ynoxinuls
  2 dire elephant simulacra (IceCv)
  3 culicivoras (Spider:4)
  4 wraiths
  19 ushabtiu
  9 redbacks
  15 chaos spawn
  5 fire elementals (Zig:12)
  15 golden eyes
  25 neqoxecs
  2 swamp worm simulacra (Swamp:4)
  3 wargs
  41 large abominations
  A vampire mosquito (Swamp:1)
  3 nagas
  2 swamp worms (Swamp:1)
  4 harpy simulacra
  A hell hound (Zig:12)
  2 naga zombies
  A glowing shapeshifter skeleton (Vaults:3)
  4 floating eyes (Pan)
  7 hydra simulacra
  15 orc warriors
  A black bear (Lair:3)
  2 swamp drakes (Swamp:2)
  An ettin simulacrum (IceCv)
  3 ogres
  A wolf (Lair:3)
  2 centaurs
  A fire crab zombie (Crypt:3)
  A bullfrog (Lair:1)
  3 necrophages
  A small abomination (Abyss:5)
  2 earth elementals
  A yaktaur skeleton (Crypt:2)
  A lindwurm simulacrum (IceCv)
  3 electric eels
  A howler monkey (D:12)
  4 crimson imps (Pan)
  32 starcursed masses
  2 hell rats (Hell)
  3 orc wizards
  An ogre skeleton (Crypt:3)
  45 mummies
  A swamp drake simulacrum (Swamp:4)
  3 orcs
  A ball python skeleton (Crypt:3)
  A rat (D:2)
  A briar patch (Swamp:2)
  7 creeping infernos
  22 fire vortices
  12 pillars of salt
  12 starspawn tentacles
2177 creatures vanquished.

Vanquished Creatures (others)
  Cerebov (Pan)
  Mnoleg (Pan)
  4 royal mummies
  3 shard shrikes
  9 caustic shrikes
  A golden dragon (Zot:5)
  3 bone dragons
  6 Tzitzimimeh
  A doom hound (Tar:7)
  5 Brimstone Fiends
  7 Ice Fiends
  6 tainted leviathans
  5 Hell Sentinels
  An iron giant (Dis:6)
  A titan (Coc:7)
  A lich (Zig:7)
  2 searing wretches
  A quicksilver dragon (Abyss:7)
  2 Orb Guardians
  2 deep elf master archers (Elf:3)
  2 eldritch tentacles (Pan)
  4 ancient champions
  8 Executioners
  A tengu reaver (Vaults:5)
  A storm dragon (Vaults:5)
  A demonspawn warmonger (Pan)
  2 narguns (Coc:7)
  A fire giant (Geh:4)
  A daeva (Pan)
  An iron dragon (Dis:6)
  A curse skull (Zig:20)
  A pandemonium lord (Pan)
  5 balrugs
  An angel (Pan)
  A juggernaut skeleton (Depths:1)
  2 demonspawn corrupters (Pan)
  A very ugly thing (Abyss:7)
  4 cacodemons
  2 apis (Pan)
  A bennu (Tomb:1)
  A purple draconian (Zig:21)
  2 lorocyprocas (Pan)
  2 putrid mouths
  A wendigo (Coc:7)
  A halazid warlock (Desolation)
  A green draconian (Zot:4)
  3 blizzard demons (Pan)
  A mummy priest (Tomb:2)
  A deep elf high priest (Vaults:5)
  A fire dragon (Depths:2)
  A vault guard (D:13)
  A salamander tyrant (Zig:17)
  A spriggan air mage (Depths:4)
  A juggernaut simulacrum (Coc:7)
  A merfolk avatar (Lair:5)
  A boulder beetle (Spider:4)
  A death yak (Lair:3)
  A two-headed ogre (D:13)
  2 hell hogs (Geh:1)
  4 sun demons (Pan)
  4 deep elf knights
  2 sixfirhies (Pan)
  2 wretched stars (Abyss:6)
  A pharaoh ant (Spider:4)
  2 shadow wraiths (Pan)
  3 cherubim (Pan)
  A quicksilver dragon simulacrum (Coc:7)
  A shadow demon (Pan)
  An orb spider (Spider:4)
  A flayed ghost (Abyss:6)
  A deep elf archer (Elf:3)
  An ironbound convoker (Vaults:4)
  3 wizards
  2 deep elf zephyrmancers
  3 deep elf pyromancers
  A mana viper (Zig:17)
  A wolf spider (Spider:4)
  A guardian serpent (Zig:17)
  A naga mage (Zig:17)
  3 smoke demons
  2 cane toads (Lair:5)
  An orange demon (Pan)
  A torpor snail (Zig:15)
  A titan simulacrum (Coc:4)
  2 hellions
  An ancient zyme (Abyss:6)
  A tormentor (Coc:7)
  A bloated husk (Swamp:3)
  4 redbacks (Spider:4)
  5 humans
  A naga (Zig:17)
  A centaur (D:14)
  A hell rat (Hell)
  3 briar patches (Swamp:2)
  A creeping inferno (Geh:4)
  2 demonic plants
  16 fire vortices
  2 foxfires (Swamp:1)
  27 fungi
  84 pillars of salt
  68 plants
  14 snaplasher vines
  20 starspawn tentacles
  21 tentacles (Coc:4)
  5 toadstools (Swamp:2)
  6 withered plants (D:6)
457 creatures vanquished.

Grand Total: 6488 creatures vanquished

Notes
Turn   | Place    | Note
-------+----------+-------------------------------------------
     0 | D:1      | M4edhros the Octopode Chaos Knight began the quest for the
                  | Orb.
     0 | D:1      | Reached XP level 1. HP: 16/16 MP: 1/1
   248 | D:1      | Reached XP level 2. HP: 21/21 MP: 2/2
   323 | D:1      | XOM: divination: detect items
   329 | D:1      | XOM: silly message
   501 | D:1      | Reached XP level 3. HP: 20/26 MP: 3/3
   722 | D:1      | XOM: silly message
  1029 | D:2      | Reached XP level 4. HP: 20/31 MP: 4/4
  1119 | D:1      | XOM: cloud trail
  2071 | D:1      | XOM: divination: detect items
  2199 | D:1      | XOM: silly message
  3061 | D:1      | XOM: noise
  3304 | D:1      | XOM: silly message
  3392 | D:1      | XOM: scenery: 1 doors close
  3520 | D:1      | XOM is BORED!
  3520 | D:1      | XOM: summons 4 hostile shadow creatures
  3531 | D:2      | Found a faded altar of an unknown god.
  3571 | D:3      | Reached skill level 5 in Maces & Flails
  3684 | D:4      | a hobgoblin changed into a shapeshifter
  3684 | D:4      | Noticed a shapeshifter (shapeshifter)
  3684 | D:4      | a shapeshifter changed into a hornet
  3684 | D:4      | Noticed a hornet (shapeshifter)
  3686 | D:4      | Paralysed by a hornet for 1 turns
  3687 | D:4      | a hornet changed into a boggart
  3687 | D:4      | Noticed a boggart (shapeshifter)
  3690 | D:4      | Killed a boggart
  3691 | D:4      | Reached XP level 5. HP: 19/36 MP: 5/5
  3887 | D:4      | Found a glowing golden altar of the Shining One.
  3896 | D:4      | an orc changed into a shapeshifter
  3896 | D:4      | Noticed a shapeshifter (shapeshifter)
  3896 | D:4      | a shapeshifter changed into a basilisk
  3896 | D:4      | Noticed a basilisk (shapeshifter)
  3931 | D:4      | Noticed a phantom
  3955 | D:3      | XOM: 1-stop teleportation journey
  3958 | D:3      | Found a hide-covered altar of Uskayaw.
  4592 | D:1      | XOM: give mutations
  4592 | D:1      | Gained mutation: You are agile. (Dex +4, Str/Int -1) [Xom's
                  | grace]
  4592 | D:1      | Gained mutation: You have hidden genetic potential. [Xom's
                  | grace]
  4592 | D:1      | Gained mutation: One of your tentacles bears a spike.
                  | [Xom's grace]
  4592 | D:1      | Gained mutation: You are very agile. (Dex +8, Str/Int -2)
                  | [Xom's grace]
  4622 | D:1      | XOM: god gift: wand of light (3)
  4678 | D:1      | XOM: scenery: summon butterflies
  4852 | D:1      | XOM: stat loss: -1 Str (9/10)
  5444 | D:1      | XOM: divination: detect items
  5604 | D:1      | XOM: god gift: scroll labelled COMEM ISUUFFIMU {god gift}
  5929 | D:1      | XOM: give mutation
  5929 | D:1      | Lost mutation: You have hidden genetic potential. [Xom's
                  | grace]
  5929 | D:1      | Gained mutation: You are somewhat resistant to further
                  | mutation. [Xom's grace]
  5994 | D:1      | XOM: god gift: wand of light (3)
  6482 | D:1      | XOM: divination: detect creatures
  7928 | D:1      | XOM: silly message
  8468 | D:1      | XOM: give mutations
  8468 | D:1      | Gained mutation: Your spells are a little harder to cast,
                  | but a little more powerful. [Xom's grace]
  8468 | D:1      | Gained mutation: You have a pair of small antennae on your
                  | head. [Xom's grace]
  8491 | D:1      | XOM: silly message
  8721 | D:1      | XOM: give mutations
  8721 | D:1      | Lost mutation: You are somewhat resistant to further
                  | mutation. [Xom's mischief]
  8721 | D:1      | Lost mutation: You are very agile. (Dex +8, Str/Int -2)
                  | [Xom's mischief]
  9088 | D:1      | XOM: give mutations
  9088 | D:1      | Gained mutation: Your mind is acute. (Int +4, Str/Dex -1)
                  | [Xom's grace]
  9088 | D:1      | Gained mutation: You possess an exceptional clarity of
                  | mind. [Xom's grace]
  9088 | D:1      | Gained mutation: You are partially covered in iridescent
                  | scales. (AC +2) [Xom's grace]
  9088 | D:1      | Gained mutation: One of your tentacles bears a nasty spike.
                  | [Xom's grace]
  9165 | D:1      | XOM: divination: detect creatures
  9406 | D:1      | XOM: god gift: 51 gold pieces
 10157 | D:1      | XOM: give mutations
 10157 | D:1      | Gained mutation: You are covered in fur. (AC +1) [Xom's
                  | grace]
 10157 | D:1      | Gained mutation: You passively dampen the noise of your
                  | surroundings. [Xom's grace]
 10157 | D:1      | Gained mutation: Your flesh is cold resistant. (rC+) [Xom's
                  | grace]
 10423 | D:1      | XOM is BORED!
 10423 | D:1      | XOM: summons 3 hostile demons
 10512 | D:1      | XOM: give mutations
 10512 | D:1      | Gained mutation: Your mind is very acute. (Int +8, Str/Dex
                  | -2) [Xom's grace]
 10512 | D:1      | Gained mutation: You are somewhat resistant to further
                  | mutation. [Xom's grace]
 10512 | D:1      | Gained mutation: You have supernaturally acute eyesight.
                  | (SInv) [Xom's grace]
 10709 | D:1      | XOM: god gift: 15 gold pieces
 10731 | D:1      | XOM: give mutation
 10731 | D:1      | Gained mutation: Your flesh is heat resistant. (rF+) [Xom's
                  | grace]
 10752 | D:1      | XOM: give mutations
 10752 | D:1      | Gained mutation: Your flesh is very heat resistant. (rF++)
                  | [Xom's grace]
 10752 | D:1      | Gained mutation: You are mostly covered in iridescent
                  | scales. (AC +4) [Xom's grace]
 11139 | D:1      | XOM: give mutation
 11139 | D:1      | Gained mutation: Your muscles are strong. (Str +4, Int/Dex
                  | -1) [Xom's grace]
 11886 | D:1      | XOM: give mutations
 11886 | D:1      | Lost mutation: Your spells are a little harder to cast, but
                  | a little more powerful. [Xom's mischief]
 11886 | D:1      | Lost mutation: You are agile. (Dex +4, Str/Int -1) [Xom's
                  | mischief]
 11886 | D:1      | Lost mutation: You have supernaturally acute eyesight.
                  | (SInv) [Xom's mischief]
 12138 | D:1      | XOM: give mutations
 12138 | D:1      | Lost mutation: You are somewhat resistant to further
                  | mutation. [Xom's mischief]
 12138 | D:1      | Lost mutation: Your muscles are strong. (Str +4, Int/Dex
                  | -1) [Xom's mischief]
 12138 | D:1      | Lost mutation: You are covered in fur. (AC +1) [Xom's
                  | mischief]
 12404 | D:1      | XOM: scenery: 1 doors close
 12452 | D:1      | XOM: summons 3 hostile demons
 12838 | D:4      | Found a staircase to the Ecumenical Temple.
 12843 | Temple   | Entered the Ecumenical Temple
 12862 | Temple   | Fell from the grace of Xom
 12862 | Temple   | Became a worshipper of Zin the Law-Giver
 12862 | Temple   | Reached * piety under Zin
 12863 | Temple   | Donated 80 gold pieces to Zin
 12930 | D:3      | XOM: polymorph giant cockroach -> gnoll
 12937 | D:3      | Reached XP level 6. HP: 17/42 MP: 6/6
 13078 | D:3      | Reached ** piety under Zin
 13097 | D:3      | Noticed Ijyb
 13112 | D:3      | Killed Ijyb
 13131 | D:2      | Donated 67 gold pieces to Zin
 13155 | D:2      | XOM: summons 14 hostile demons
 13248 | D:2      | Identified the +10 short sword of the Lesser Evil {elec,
                  | Will+}
 13744 | D:3      | Identified the +0 hat of the Northern Lights {*Corrode
                  | rElec MP+9 Stlth+}
 13968 | D:4      | XOM: summons 2 hostile shadow creatures
 13996 | D:4      | XOM: summons 1 hostile demon
 14098 | D:4      | Noticed a tarantella (shapeshifter)
 14107 | D:4      | XOM: cloud trail
 14138 | D:5      | Entered Level 5 of the Dungeon
 14152 | D:5      | XOM: 1-stop teleportation journey
 14225 | D:5      | Reached *** piety under Zin
 14245 | D:5      | Reached XP level 7. HP: 46/46 MP: 7/7
 14268 | D:5      | Reached skill level 1 in Invocations
 14323 | D:5      | Found a broken altar of Ashenzari.
 14449 | D:5      | Found a shadowy altar of Dithmenos.
 14599 | D:5      | Found an ancient bone altar of Kikubaaqudgha.
 14681 | D:5      | XOM: give mutations
 14681 | D:5      | Gained mutation: A frigid envelope surrounds you and
                  | freezes all who hurt you. [Xom's grace]
 14681 | D:5      | Gained mutation: One of your tentacles bears a large
                  | vicious spike. [Xom's grace]
 14732 | D:4      | Noticed a fire crab (shapeshifter)
 14732 | D:4      | a fire crab changed into something unseen
 14734 | D:4      | Noticed a queen bee
 14740 | D:4      | Killed a queen bee
 14741 | D:4      | Reached XP level 8. HP: 54/54 MP: 8/10
 14833 | D:4      | Found a transporter.
 14914 | D:4      | XOM: noise
 14954 | D:4      | Found a snail-covered altar of Cheibriados.
 15191 | D:4      | Found a transporter.
 15776 | D:6      | Found a radiant altar of Vehumet.
 15815 | D:6      | Found a runed translucent gate.
 15816 | D:6      | XOM: silly message
 15820 | D:6      | Reached **** piety under Zin
 15843 | D:6      | XOM: divination: detect creatures
 15899 | D:6      | Found a runed translucent gate.
 15902 | D:6      | Found a runed translucent gate.
 15906 | D:6      | Noticed TryHard88's ghost (novice MiBe)
 15906 | D:6      | Noticed zamzamzam's ghost (novice HuFi)
 15921 | D:6      | Found a white marble altar of Elyvilon.
 15944 | D:6      | Found a sacrificial altar of Ru.
 16010 | D:6      | Found a stormy altar of Qazlal.
 16272 | D:7      | Found an ornate altar of the Wu Jian Council.
 16280 | D:7      | XOM: silly message
 16307 | D:7      | Reached skill level 5 in Fighting
 16398 | D:7      | Reached XP level 9. HP: 42/60 MP: 12/12
 16410 | D:7      | Reached skill level 5 in Dodging
 17060 | D:7      | Noticed Menkaure
 17069 | D:7      | Killed Menkaure
 17241 | D:7      | Found a shimmering blue altar of Sif Muna.
 17253 | D:7      | Reached skill level 5 in Invocations
 17499 | D:8      | XOM: 1-stop teleportation journey
 17522 | D:8      | Reached skill level 10 in Maces & Flails
 17746 | D:8      | XOM: cloud trail
 17754 | D:8      | Found a flagged portal.
 17765 | Bailey   | Entered a bailey
 18117 | Bailey   | Reached skill level 1 in Stealth
 18326 | D:8      | XOM: silly message
 18548 | D:8      | Reached XP level 10. HP: 64/69 MP: 14/14
 19022 | D:8      | XOM: noise
 19092 | D:9      | Noticed Pikel
 19112 | D:9      | Killed Pikel
 19113 | D:9      | Reached skill level 1 in Short Blades
 19179 | D:9      | Found Rejypew's Book Emporium.
 19187 | D:9      | Bought a book of Callings for 240 gold pieces
 19191 | D:9      | Learned a level 3 spell: Call Canine Familiar
 19195 | D:9      | Learned a level 3 spell: Summon Guardian Golem
 19198 | D:9      | Learned a level 2 spell: Blink
 19464 | D:9      | Found an iron altar of Okawaru.
 19625 | D:9      | Reached ***** piety under Zin
 19843 | D:10     | Entered Level 10 of the Dungeon
 19877 | D:10     | Identified the +10 trident of the Eternal Warrior {drain,
                  | rN+ Int+6}
 20023 | D:10     | Reached skill level 5 in Stealth
 20070 | D:10     | Identified the +1 leather armour of Nootis {rF++ Int+6
                  | Stlth-}
 20080 | D:10     | Reached skill level 1 in Spellcasting
 20080 | D:10     | Reached skill level 1 in Summonings
 20331 | D:10     | Found a staircase to the Orcish Mines.
 20341 | D:10     | Noticed Lodul
 20350 | D:10     | Reached skill level 1 in Shields
 20357 | D:10     | Killed Lodul
 20364 | D:10     | Reached ****** piety under Zin
 20828 | D:10     | Found a blossoming altar of Fedhas.
 20989 | D:10     | XOM: noise
 21013 | D:10     | Noticed an oklob plant
 21163 | D:11     | Found a staircase to the Lair.
 21180 | D:11     | Reached XP level 11. HP: 68/75 MP: 15/15
 21414 | D:11     | Noticed a two-headed ogre
 21417 | D:11     | Noticed a manticore
 21418 | D:11     | Noticed a manticore
 21458 | D:11     | Learned a level 3 spell: Ozocubu's Armour
 21481 | D:11     | Noticed a cyclops
 21490 | D:11     | Noticed a manticore
 21543 | D:11     | Noticed a two-headed ogre
 21550 | D:11     | Found a transporter.
 21552 | D:11     | Found a transporter.
 21558 | D:11     | Noticed Viceroy's ghost (journeyman BaIE)
 21632 | D:11     | XOM: stat loss: -3 Dex (10/13)
 21763 | D:11     | XOM: summons 3 hostile shadow creatures
 21763 | D:11     | Was forgiven by Xom
 21764 | D:11     | Noticed a two-headed ogre
 21848 | D:11     | Reached skill level 1 in Ice Magic
 21890 | D:11     | Noticed a two-headed ogre
 21895 | D:11     | Killed a two-headed ogre
 22027 | D:11     | Noticed a cyclops
 22037 | D:11     | Killed a cyclops
 22941 | D:12     | Reached skill level 5 in Short Blades
 23112 | D:12     | Noticed a cyclops
 23132 | D:12     | Killed a cyclops
 23435 | D:12     | Noticed a manticore
 23438 | D:12     | Killed a manticore
 23457 | D:12     | Reached skill level 5 in Summonings
 23477 | D:12     | Reached XP level 12. HP: 54/82 MP: 15/19
 23967 | D:12     | Reached skill level 5 in Spellcasting
 24126 | D:12     | Noticed an eight-headed hydra
 24266 | D:13     | Noticed a two-headed ogre
 24291 | D:13     | Killed a two-headed ogre
 24650 | D:13     | Noticed Maurice
 24738 | D:13     | Noticed a boulder beetle
 25008 | D:13     | Killed a boulder beetle
 25009 | D:13     | Reached skill level 5 in Ice Magic
 25087 | D:13     | Killed Maurice
 25260 | D:13     | Identified the +10 long sword "Koxkey" {heavy, rPois Str+3}
 25490 | Orc:1    | Entered Level 1 of the Orcish Mines
 25854 | Orc:1    | Noticed an orc high priest
 25870 | Orc:1    | Reached skill level 5 in Shields
 25873 | Orc:1    | Killed an orc high priest
 26093 | Orc:2    | Entered Level 2 of the Orcish Mines
 26242 | Orc:2    | Found a staircase to the Elven Halls.
 26333 | Orc:2    | Paralysed by an orc sorcerer for 2 turns
 26333 | Orc:2    | Noticed an orc warlord
 26357 | Orc:2    | Reached XP level 13. HP: 44/88 MP: 11/20
 26357 | Orc:2    | Killed an orc warlord
 27326 | Orc:2    | Found Orauth's Distillery.
 27328 | Orc:2    | Found Juweop's General Store.
 27614 | Orc:2    | Bought a potion of heal wounds for 85 gold pieces
 27614 | Orc:2    | Bought a potion of heal wounds for 85 gold pieces
 27614 | Orc:2    | Bought a potion of heal wounds for 85 gold pieces
 27616 | Orc:2    | Bought a scroll of blinking for 97 gold pieces
 28267 | Orc:2    | Reached skill level 10 in Invocations
 28680 | Orc:2    | Reached skill level 10 in Dodging
 28902 | Orc:2    | Found Raepoyp's Book Emporium.
 28902 | Orc:2    | Found Xoijiev's Antique Weapon Shoppe.
 28903 | Orc:2    | Found a one-way gate leading to the halls of Pandemonium.
 29019 | Orc:2    | Bought a potion of haste for 170 gold pieces
 29019 | Orc:2    | Bought a potion of might for 68 gold pieces
 29019 | Orc:2    | Bought a potion of might for 68 gold pieces
 29021 | Orc:2    | Bought a scroll of enchant weapon for 97 gold pieces
 29160 | D:9      | Bought a book of Beasts for 456 gold pieces
 29168 | D:9      | Learned a level 7 spell: Monstrous Menagerie
 29223 | Lair:1   | Entered Level 1 of the Lair of Beasts
 29303 | Lair:1   | Noticed Nergalle
 29315 | Lair:1   | Killed Nergalle
 29507 | Lair:1   | Reached XP level 14. HP: 31/94 MP: 4/22
 30190 | Lair:1   | Identified the +1 war axe of Charity {venom, Stlth+}
 31138 | Lair:2   | Found a transporter.
 31174 | Lair:2   | Found a transporter.
 31206 | Lair:2   | Found a one-way gate to the infinite horrors of the Abyss.
 31206 | Lair:2   | Noticed Teskilo's ghost (journeyman GrEE)
 32065 | Lair:2   | Killed Teskilo's ghost
 32281 | Lair:3   | Found a hole to the Spider Nest.
 32822 | Lair:3   | Reached skill level 10 in Summonings
 33396 | Lair:3   | Found a staircase to the Swamp.
 33981 | Lair:3   | Reached XP level 15. HP: 80/99 MP: 17/24
 35341 | Lair:4   | Found a viscous altar of Jiyva.
 35342 | Lair:4   | Found a staircase to the Slime Pits.
 35729 | Lair:5   | Entered Level 5 of the Lair of Beasts
 35915 | Lair:5   | Identified a scroll of acquirement
 35918 | Lair:5   | Acquired the +9 staff of Wucad Mu {*channel}
 35918 | Lair:5   | Found the +9 staff of Wucad Mu {*channel}
 37476 | D:13     | Found Nayshibatt's Antique Weapon Emporium.
 37783 | D:13     | Found a gate to the Vaults.
 37970 | Elf:1    | Entered Level 1 of the Elven Halls
 37989 | Elf:1    | Noticed an Executioner
 38022 | Elf:1    | Found Biaty's Weapon Emporium.
 38212 | Elf:1    | Found a radiant altar of Vehumet.
 38233 | Elf:1    | Found Bivisesch's Assorted Antiques.
 38309 | Elf:1    | Found Zicyib's Overcharged Wands.
 38315 | Elf:1    | Reached XP level 16. HP: 105/105 MP: 26/26
 38319 | Elf:1    | Found a runed translucent gate.
 38319 | Elf:1    | Found a runed translucent gate.
 38319 | Elf:1    | Found a runed translucent gate.
 39043 | Elf:1    | Identified the +9 mace "Teh Jam" {antimagic, Will- rCorr
                  | Int+8}
 39896 | Elf:1    | Bought the +5 glaive of the Guard {elec, spectral, AC+5}
                  | for 761 gold pieces
 39896 | Elf:1    | Found the +5 glaive of the Guard {elec, spectral, AC+5}
 39926 | Elf:1    | You fall into a shaft and drop 1 floor!
 39926 | Elf:2    | Found a runed translucent gate.
 39926 | Elf:2    | Found a runed translucent gate.
 39926 | Elf:2    | Found a runed translucent gate.
 40011 | Elf:2    | Reached skill level 1 in Polearms
 40265 | Elf:1    | Noticed an acid blob
 40265 | Elf:1    | Noticed fly's ghost (adept DgDe)
 40266 | Elf:1    | Noticed a rockslime
 40266 | Elf:1    | Noticed an acid blob
 40507 | Elf:1    | Found a viscous altar of Jiyva.
 40524 | Elf:1    | Bought a marble ring for 175 gold pieces
 40556 | Elf:2    | Reached skill level 15 in Invocations
 41348 | Elf:2    | Found Ypnot's Jewellery Shop.
 41348 | Elf:2    | Found Lainotirgh's Book Shoppe.
 41350 | Elf:2    | Found Akle's Book Shoppe.
 41436 | Elf:2    | HP: 2/105 [warg collision (17)]
 42704 | Elf:2    | Reached XP level 17. HP: 78/109 MP: 26/28
 42866 | Elf:2    | Reached skill level 10 in Shields
 43238 | Elf:3    | Entered Level 3 of the Elven Halls
 43368 | Elf:3    | Found Ameluy's Jewellery Boutique.
 43466 | Elf:3    | Found a runed translucent gate.
 43466 | Elf:3    | Found a runed translucent gate.
 43467 | Elf:3    | Found a runed translucent gate.
 43473 | Elf:3    | Noticed Duil's ghost (adept DsCj)
 43494 | Elf:3    | Killed Duil's ghost
 44047 | Elf:3    | Learned a level 3 spell: Mephitic Cloud
 44049 | Elf:3    | Noticed a deep elf blademaster
 44062 | Elf:3    | Killed a deep elf blademaster
 44088 | Elf:3    | Found the +8 trishula "Condemnation" {holy, anguish, *Noise
                  | Fly rN+}
 44092 | Elf:3    | Reached skill level 1 in Poison Magic
 44095 | Elf:3    | Reached skill level 1 in Conjurations
 44095 | Elf:3    | Reached skill level 1 in Air Magic
 44107 | Elf:3    | Identified the ring "Fabiekur" {rF+ SInv}
 44122 | Elf:3    | Got the Compendium of Hyperborean Trauma
 44130 | Elf:3    | Noticed a deep elf master archer
 44136 | Elf:3    | Killed a deep elf master archer
 44141 | Elf:3    | Identified the +7 mace of Execution {flame, rC- rN+ rCorr}
 44148 | Elf:3    | Reached XP level 18. HP: 39/116 MP: 11/29
 44347 | Elf:3    | Identified the amulet of Midsummer {rN+ Regen+ Int+4}
 44401 | Elf:3    | Learned a level 5 spell: Summon Mana Viper
 44427 | Elf:3    | Identified the ring "Qekhupn" {EV+5 Int-2 Dex+7}
 44454 | Elf:3    | Got the Verses on Snowy Weather
 44469 | Elf:3    | Noticed a deep elf blademaster
 44478 | Elf:3    | Killed a deep elf blademaster
 44492 | Elf:3    | Noticed a deep elf master archer
 44549 | Elf:3    | Noticed a deep elf master archer
 44694 | Elf:3    | Identified the +1 robe "Seaseih" {-Cast rF+ Regen+ Str+3}
 44759 | Elf:3    | Noticed a deep elf master archer
 44774 | Elf:3    | Killed a deep elf master archer
 44786 | Elf:3    | Killed a deep elf master archer
 45199 | Elf:3    | Killed a deep elf master archer
 45491 | Spider:1 | Entered Level 1 of the Spider Nest
 45732 | Spider:1 | You fall into a shaft and drop 1 floor!
 45916 | Spider:2 | Identified the ring "Ecry" {Fly rC+}
 46534 | Spider:1 | Reached XP level 19. HP: 122/122 MP: 30/30
 47308 | Spider:3 | Found a transporter.
 47308 | Spider:3 | Noticed Peveen Urom's ghost (adept HOFi)
 48109 | Spider:3 | Found a transporter.
 48170 | Spider:4 | Entered Level 4 of the Spider Nest
 48474 | Spider:3 | Reached skill level 10 in Fighting
 50056 | Spider:4 | Got a gossamer rune of Zot
 50286 | Swamp:1  | Entered Level 1 of the Swamp
 50335 | Swamp:1  | Found a frozen archway.
 50348 | IceCv    | Entered an ice cave
 50556 | IceCv    | Reached XP level 20. HP: 91/135 MP: 31/31
 50896 | IceCv    | Found an ancient bone altar of Kikubaaqudgha.
 51224 | IceCv    | Found the +4 skin of Zhor {*Englaciate rC+++ SInv}
 53033 | Swamp:3  | Noticed Mara
 53040 | Swamp:3  | Noticed M4edhros's illusion
 53214 | Swamp:3  | Noticed M4edhros's illusion
 53222 | Swamp:3  | Killed Mara
 53303 | Swamp:3  | Noticed Nikola
 53311 | Swamp:3  | Killed Nikola
 53721 | Swamp:4  | Entered Level 4 of the Swamp
 53732 | Swamp:4  | Reached skill level 15 in Shields
 54165 | Swamp:4  | Reached skill level 15 in Summonings
 54357 | Swamp:4  | Identified the +10 flail of Proximity {holy, rElec Will+}
 54364 | Swamp:4  | Identified the +3 great mace of Reibred {heavy, rPois rN+
                  | Str-4}
 54633 | Swamp:4  | Got a decaying rune of Zot
 54971 | Vaults:1 | Entered Level 1 of the Vaults
 55037 | D:14     | Noticed Louise
 55047 | D:14     | Killed Louise
 55048 | D:14     | Reached skill level 1 in Evocations
 55169 | D:14     | Noticed Snorg
 55177 | D:14     | Killed Snorg
 55325 | D:14     | Found a snail-covered altar of Cheibriados.
 55845 | D:15     | Entered Level 15 of the Dungeon
 55858 | D:15     | Noticed Kirke
 55868 | D:15     | Killed Kirke
 56051 | D:15     | Found Hostas's Jewellery Shop.
 56143 | D:15     | Reached XP level 21. HP: 136/145 MP: 34/34
 56421 | D:15     | Found a shadowy altar of Dithmenos.
 56517 | D:15     | Found a staircase to the Depths.
 56678 | Vaults:1 | Found Imaazeta's Antique Weapon Shoppe.
 59076 | Elf:2    | Bought a Fen Folio for 546 gold pieces
 59082 | Elf:2    | Learned a level 5 spell: Summon Forest
 59090 | Elf:2    | Learned a level 7 spell: Summon Hydra
 59517 | Vaults:2 | Found Mejak's General Store.
 59564 | Vaults:2 | Found a magical portal.
 59576 | WizLab   | Entered Lehudib's Moon Base
 59750 | WizLab   | Reached skill level 5 in Evocations
 60539 | WizLab   | Reached XP level 22. HP: 155/155 MP: 35/35
 60666 | WizLab   | Reached skill level 10 in Spellcasting
 60819 | WizLab   | Found a transporter.
 60909 | WizLab   | Reached skill level 15 in Dodging
 61087 | WizLab   | Found a transporter.
 61220 | WizLab   | Reached XP level 23. HP: 146/162 MP: 32/37
 61736 | WizLab   | Paralysed by accursed screaming for 1 turns
 61741 | WizLab   | Paralysed by accursed screaming for 1 turns
 61742 | WizLab   | Reached skill level 15 in Fighting
 61760 | WizLab   | Identified the ring "Sualah" {Will+ Str+3 Int+5 Slay-5}
 62020 | Vaults:2 | Identified the +1 hat "Seolocy" {Regen+ Int+4}
 62156 | Vaults:2 | Noticed Jory
 62169 | Vaults:2 | Killed Jory
 62497 | Vaults:2 | Bought a +5 ring of evasion for 684 gold pieces
 62721 | Vaults:2 | Noticed Donald
 62727 | Vaults:2 | Killed Donald
 63154 | Vaults:2 | Noticed Saint Roka
 63172 | Vaults:2 | Killed Saint Roka
 63642 | Vaults:2 | Noticed Asterion
 63655 | Vaults:2 | Killed Asterion
 63894 | Vaults:3 | Found a crumbling gateway.
 63903 | Desolati | Entered the Desolation of Salt
 64020 | Desolati | Got Zohelos's Catalogue of Called Gases
 64023 | Desolati | Identified the ring "Ravvuse" {rC+ Int+5}
 64033 | Desolati | Identified the ring "Dicwaoko" {rF+ Str+6 Int+2 Dex+2}
 64254 | Desolati | Identified the +6 glaive of the Scorching Whale {freeze,
                  | Int+2 Stlth+}
 64319 | Desolati | Got the Codex of the Special Ghosts
 64892 | Desolati | Got the Atlas of Spooky Action and the Comitatus
 64896 | Desolati | Got Fomul's Codex of Morbid Frost
 65221 | Desolati | Identified the ring "Urinoed" {rElec rF- MP+9 Str+4 SInv}
 66179 | Vaults:3 | Reached XP level 24. HP: 122/170 MP: 30/37
 66630 | Vaults:3 | Learned a level 6 spell: Eringya's Noxious Bog
 66712 | Vaults:3 | Reached skill level 1 in Transmutations
 66728 | Abyss:2  | Cast into level 2 of the Abyss (a wizard)
 66731 | Abyss:2  | Found a corrupted altar of Lugonu.
 66731 | Abyss:2  | Found a corrupted altar of Lugonu.
 67004 | Abyss:2  | Reached skill level 5 in Poison Magic
 67008 | Abyss:2  | Paralysed by accursed screaming for 1 turns
 67026 | Abyss:2  | Paralysed by you for 4 turns
 67221 | Abyss:3  | Found a corrupted altar of Lugonu.
 67347 | Abyss:4  | Got an abyssal rune of Zot
 67353 | Abyss:4  | Found a corrupted altar of Lugonu.
 67407 | Vaults:3 | Escaped the Abyss
 67635 | Vaults:3 | Reached skill level 5 in Transmutations
 67673 | Vaults:3 | Found a staircase to the Crypt.
 68514 | Vaults:4 | Noticed Boris
 68533 | Vaults:4 | Killed Boris
 68547 | Vaults:4 | Reached skill level 10 in Poison Magic
 68766 | Vaults:4 | Paralysed by a great orb of eyes for 2 turns
 69646 | Vaults:4 | Reached XP level 25. HP: 146/175 MP: 27/38
 69927 | Vaults:4 | Got the Elucidation of the Blistering Crater
 70329 | Crypt:1  | Entered Level 1 of the Crypt
 71788 | D:15     | Bought the ring "Sagatwoy" {rElec rF+ Will++ Int+4 Dex-3}
                  | for 771 gold pieces
 72041 | Crypt:2  | Noticed Margery
 72393 | Crypt:2  | Killed Margery
 73302 | Crypt:2  | Got the Meditations on Stolen Souls
 73481 | Crypt:3  | Entered Level 3 of the Crypt
 73946 | Crypt:3  | Found a staircase to the Tomb.
 74126 | Crypt:3  | Learned a level 4 spell: Summon Lightning Spire
 74311 | Crypt:3  | Reached XP level 26. HP: 181/181 MP: 40/40
 74589 | Crypt:3  | Identified the +3 longbow "Onio" {drain, rElec rC- Will+++
                  | Str-5}
 75369 | Crypt:3  | Noticed Frederick
 75381 | Crypt:3  | Killed Frederick
 75427 | Crypt:3  | Identified the +7 great sword "Ninoiti" {elec, Int+3 Dex+3}
 75787 | Crypt:3  | Noticed a royal mummy
 75789 | Crypt:3  | Found the -2 hat of the Alchemist {rElec rPois rF+ rC+ rN+
                  | Will+ rMut rCorr}
 75794 | Crypt:3  | Killed a royal mummy
 75834 | Crypt:3  | Identified the ring of the Tired Stars {rF- rC+ rN+ Will+
                  | rCorr Str+7}
 75834 | Crypt:3  | Identified the amulet of the Feeding Gods {Regen+ Str+6}
 75834 | Crypt:3  | Identified the ring "Ziodiaso" {rN+ Int+4}
 75839 | Crypt:3  | Identified the +10 scimitar "Uhyok" {venom, Dex+4}
 76203 | Vaults:5 | Entered Level 5 of the Vaults
 76223 | Vaults:4 | Reached skill level 10 in Stealth
 76394 | Vaults:5 | Noticed an ancient lich
 76588 | Vaults:5 | Killed an ancient lich
 76852 | Vaults:5 | Found the +11 Singing Sword {sonic wave}
 76863 | Vaults:5 | Found Emmac's Weapon Boutique.
 76864 | Vaults:5 | Noticed a dread lich
 76874 | Vaults:5 | Killed a dread lich
 77207 | Vaults:5 | Got the Anthology of Fluctuating Sparks
 77230 | Vaults:5 | Identified the +8 hand axe of Eternal War {heavy, Will+
                  | Str+2}
 78129 | Vaults:5 | Identified the +1 hand axe of the Eight Prophets {holy,
                  | rPois rCorr}
 78138 | Vaults:5 | Got a silver rune of Zot
 78353 | Vaults:5 | Reached XP level 27. HP: 156/185 MP: 37/41
 78478 | Vaults:5 | Reached skill level 15 in Stealth
 78579 | Vaults:5 | Identified the +6 dagger of Fimbulwinter {drain, Fragile
                  | Str-2 Int+9 Stlth+}
 78597 | Vaults:5 | Got Cufauz's Guidebook on Bolts
 79045 | D:11     | Killed Viceroy's ghost
 79415 | Slime:1  | Entered Level 1 of the Pits of Slime
 80631 | Slime:5  | Entered Level 5 of the Pits of Slime
 80863 | Slime:5  | Noticed the Royal Jelly
 80933 | Slime:5  | Killed the Royal Jelly
 81196 | Slime:5  | Identified the ring of Dithmenos's Generosity {Will+
                  | Slay+3}
 81273 | Slime:5  | Identified the amulet of Veos {Acrobat Str+4 Int+2 Dex-3}
 81299 | Slime:5  | Got a slimy rune of Zot
 82867 | Depths:1 | Entered Level 1 of the Depths
 83088 | Depths:1 | Found a one-way gateway to a ziggurat.
 83668 | Depths:1 | Paralysed by a floating eye for 2 turns
 84525 | Depths:1 | Reached skill level 10 in Evocations
 84539 | Depths:1 | Noticed a juggernaut
 84554 | Depths:1 | Killed a juggernaut
 84919 | Depths:1 | Found a gateway to Hell.
 85184 | Depths:2 | Noticed Sojobo
 86125 | Depths:2 | Paralysed by an air elemental for 1 turns
 86129 | Depths:2 | Paralysed by an air elemental for 1 turns
 86272 | Depths:2 | Acquired the +2 hat of Boiling Hail {Int+4 Stlth-}
 86394 | Depths:2 | Paralysed by an air elemental for 1 turns
 86397 | Depths:2 | Killed Sojobo
 87480 | Depths:3 | Noticed Grunn
 87831 | Depths:3 | Killed Grunn
 88386 | Depths:4 | Entered Level 4 of the Depths
 89021 | Depths:4 | Found a gate to the Realm of Zot.
 89411 | Depths:4 | Identified the +3 battleaxe of the Gloaming {heavy, Will+
                  | Int+5}
 89479 | Depths:4 | Found an ancient bone altar of Kikubaaqudgha.
 89683 | Zig:1    | Entered Level 1 of a ziggurat
 89705 | Zig:2    | Entered Level 2 of a ziggurat
 89719 | Zig:2    | Got Gussa's Tractate on the Changing Serac
 89727 | Zig:3    | Entered Level 3 of a ziggurat
 89800 | Zig:4    | Entered Level 4 of a ziggurat
 89848 | Zig:5    | Entered Level 5 of a ziggurat
 89900 | Zig:5    | Noticed an ancient lich
 89900 | Zig:5    | Noticed an ancient lich
 89909 | Zig:5    | Killed an ancient lich
 89911 | Zig:5    | Killed an ancient lich
 89999 | Zig:6    | Entered Level 6 of a ziggurat
 90026 | Zig:6    | Identified the ring "Cuasyniv" {Wiz Drain rN++ Slay+3}
 90152 | Zig:7    | Entered Level 7 of a ziggurat
 90161 | Zig:7    | Noticed a royal mummy
 90174 | Zig:7    | Killed a royal mummy
 90182 | Zig:7    | Reached skill level 15 in Evocations
 90192 | Zig:7    | Got the Omnibus of the Cursed Tesseract
 90265 | Zig:8    | Entered Level 8 of a ziggurat
 90481 | Zig:9    | Entered Level 9 of a ziggurat
 90513 | Zig:9    | Reached skill level 15 in Maces & Flails
 90639 | Zig:9    | Identified the ring of Raokkiogh {+Blink rF+ SInv}
 90654 | Zig:10   | Entered Level 10 of a ziggurat
 90793 | Zig:10   | Found the +8 orange crystal plate armour {Archmagi, Int+3
                  | Clar}
 90799 | Zig:10   | Identified the +5 ring mail "Enorreb" {rPois MP-9 SInv
                  | Stlth+}
 90811 | Zig:10   | Identified the ring of Kikubaaqudgha's Wrath {Wiz *Corrode
                  | rPois rC++ MP+9}
 90871 | Zig:11   | Entered Level 11 of a ziggurat
 90919 | Zig:11   | Noticed Jegukeirch the pandemonium lord
 90927 | Zig:11   | Learned a level 1 spell: Apportation
 90934 | Zig:12   | Entered Level 12 of a ziggurat
 91395 | Zig:12   | Identified the +10 dagger of the Sun {spect, rElec rN+}
 91415 | Zig:13   | Entered Level 13 of a ziggurat
 91712 | Zig:13   | Got the Encyclopedia of Scintillating Debased Secrets
 91724 | Zig:13   | Acquired the +7 captain's cutlass {speed, disarm}
 91724 | Zig:13   | Found the +7 captain's cutlass {speed, disarm}
 91728 | Zig:13   | Identified the ring "Ubeba" {rElec rPois rF+ Str-5 Stlth+}
 91760 | Zig:13   | Identified the +4 sling of Bekloeck {speed, rF+}
 91767 | Depths:1 | Upgraded the game from 0.30-a0-778-g2ef04afb54 to
                  | 0.30-a0-779-g7971cf19c3
 91862 | Zot:1    | Entered Level 1 of the Realm of Zot
 92442 | Depths:4 | Donated 2859 gold pieces to Zin
 93685 | Zot:2    | Learned a level 7 spell: Spellforged Servitor
 94197 | Zot:2    | Noticed an orb of fire
 94215 | Zot:2    | Killed an orb of fire
 94747 | Zot:2    | Identified the +0 chain mail of Precision Catastrophes
                  | {Regen+ MP+9 Str+3}
 95276 | Zot:3    | Reached skill level 15 in Spellcasting
 95734 | Zot:3    | Reached skill level 5 in Conjurations
 97596 | Zot:4    | Found a runed translucent door.
 97596 | Zot:4    | Found a shimmering altar of Xom.
 97596 | Zot:4    | Noticed Kyph's ghost (legendary MiBe)
 98100 | Zot:5    | Entered Level 5 of the Realm of Zot
 98150 | Zot:5    | Found Veps's Changing Room.
 98210 | Zot:5    | Found Tutt's Last-Chance Deals.
 98224 | Zot:5    | Bought the +6 longbow "Uluigeboec" {drain, Drain Dex+8} for
                  | 1 gold piece
 98224 | Zot:5    | Bought the +7 eveningstar "Bosu" {holy, Int+3} for 1 gold
                  | piece
 98224 | Zot:5    | Bought the +0 robe of the Baker {Fly rElec Int-2 Stlth+}
                  | for 1 gold piece
 98224 | Zot:5    | Bought the +7 hand crossbow "Bonyxos" {flame, Str+5 Int-5
                  | Dex+4} for 1 gold piece
 98224 | Zot:5    | Bought the +3 leather armour "Kyngoace" {Will++} for 1 gold
                  | piece
 98224 | Zot:5    | Bought the +5 hand crossbow "Puptudoatu" {penet, rElec
                  | Will+} for 1 gold piece
 98224 | Zot:5    | Bought the +1 triple sword "Foxaxocehu" {elec, rElec rN+}
                  | for 1 gold piece
 98572 | Zot:5    | Noticed an orb of fire
 98572 | Zot:5    | Noticed an orb of fire
 98671 | Zot:5    | Noticed a dread lich
 99137 | Zot:5    | Killed a dread lich
 99150 | Zot:5    | Killed an orb of fire
 99607 | Zot:5    | Noticed an orb of fire
 99623 | Zot:5    | Killed an orb of fire
 99634 | Zot:5    | Noticed an ancient lich
 99686 | Zot:5    | Learned a level 8 spell: Lehudib's Crystal Spear
 99805 | Zot:5    | Reached skill level 1 in Earth Magic
 99807 | Zot:5    | Killed an ancient lich
 99853 | Zot:5    | Killed an orb of fire
100419 | Hell     | Entered the Vestibule of Hell
100419 | Hell     | Noticed Geryon
100426 | Hell     | Found a gateway to the Iron City of Dis.
100595 | Hell     | Killed Geryon
100773 | Hell     | Reached skill level 5 in Earth Magic
101311 | Pan      | Entered Pandemonium
101594 | Pan      | Found a runed translucent door.
101853 | Pan      | Noticed Mennas
101863 | Pan      | Killed Mennas
102449 | Pan      | Noticed Haxi the pandemonium lord
102459 | Pan      | Killed Haxi the pandemonium lord
103327 | Pan      | Noticed Katuumal the pandemonium lord
103343 | Pan      | Killed Katuumal the pandemonium lord
103347 | Pan      | Got a demonic rune of Zot
104380 | Pan      | Noticed Inguenum the pandemonium lord
104390 | Pan      | Killed Inguenum the pandemonium lord
104391 | Pan      | Reached skill level 10 in Conjurations
104702 | Pan      | Found a white marble altar of Elyvilon.
105315 | Pan      | Identified the +8 mace of Ducakub {flame, +Blink Int+2
                  | Dex-4}
105921 | Pan      | Identified the +1 tower shield "Micvups" {rElec Dex+5
                  | Slay-4}
106264 | Pan      | Reached skill level 10 in Earth Magic
106718 | Pan      | Identified the ring "Deett" {rN+ AC+4}
106718 | Pan      | Noticed a seraph
106725 | Pan      | Killed a seraph
106871 | Pan      | Found a glowing golden altar of the Shining One.
106890 | Pan      | Identified the +3 trident "Qiviclat" {speed, rElec rCorr
                  | Str+2 Int-5}
106892 | Pan      | Got the Notes on the Polar Discharge
106895 | Pan      | Got The Basics of the Rites and Rhymes
106905 | Pan      | Identified the +4 mace of Untimely Demise {spect, Contam
                  | rN+ Stlth+}
106907 | Pan      | Identified the +2 battleaxe of Abumeom {venom, rC++ Will-
                  | Str+2}
107911 | Pan      | Found a glowing silver altar of Zin.
111737 | Pan      | Upgraded the game from 0.30-a0-779-g7971cf19c3 to
                  | 0.30-a0-782-ge64f9170bb
113938 | Pan      | Learned a level 9 spell: Dragon's Call
117290 | Pan      | Identified the +0 buckler of Wu Jian's Hatred {Rampage
                  | Dex+3}
124692 | Pan      | Glimpsed the power of Zot.
124762 | Depths:2 | Escaped Pandemonium
124859 | Pan      | Entered Pandemonium
125003 | Pan      | Reached skill level 27 in Evocations
126245 | Pan      | Noticed Wenippin the pandemonium lord
126671 | Pan      | Killed Wenippin the pandemonium lord
127407 | Pan      | Noticed Odis the pandemonium lord
127415 | Pan      | Killed Odis the pandemonium lord
127885 | Pan      | Identified the +8 dagger "Oblukk" {pain, Int+2 Dex-4 SInv
                  | Stlth+}
128021 | Pan      | Entered the realm of Lom Lobon.
128021 | Pan      | Noticed Lom Lobon
128072 | Pan      | Killed Lom Lobon
128103 | Pan      | Got a magical rune of Zot
128843 | Pan      | Found an exit through the horrors of the Abyss.
129023 | Pan      | Entered the realm of Gloorx Vloq.
129757 | Pan      | Noticed Gloorx Vloq
129817 | Pan      | Reached skill level 15 in Conjurations
129897 | Pan      | Reached skill level 15 in Earth Magic
130417 | Pan      | Killed Gloorx Vloq
130509 | Pan      | Got a dark rune of Zot
130798 | Pan      | Found an exit through the horrors of the Abyss.
131275 | Pan      | Noticed Paomula the pandemonium lord
131281 | Pan      | Killed Paomula the pandemonium lord
131693 | Pan      | Noticed Sopyasch the pandemonium lord
131851 | Pan      | Found an exit through the horrors of the Abyss.
131995 | Pan      | Killed Sopyasch the pandemonium lord
131996 | Pan      | Reached skill level 10 in Polearms
132712 | Pan      | Entered the realm of Mnoleg.
132806 | Pan      | Identified the +9 spear "Qorr" {drain, Contam rElec rF+}
133280 | Pan      | Paralysed by a floating eye for 4 turns
133285 | Pan      | Paralysed by a floating eye for 2 turns
133433 | Pan      | Paralysed by a floating eye for 4 turns
133438 | Pan      | Noticed Mnoleg
133441 | Pan      | Paralysed by a floating eye for 2 turns
133758 | Pan      | Found an exit through the horrors of the Abyss.
133975 | Pan      | Killed Mnoleg
134167 | Pan      | Identified the ring "Illecica" {rPois rF+ Int+3}
134195 | Pan      | Got a glowing rune of Zot
134535 | Pan      | Entered the realm of Cerebov.
134844 | Pan      | Found the +6 sword of Cerebov {flame}
134844 | Pan      | Noticed Cerebov
134853 | Pan      | Identified the +9 rapier of Nopisuon {drain, Contam rN++
                  | rCorr SInv}
134868 | Pan      | Killed Cerebov
134987 | Pan      | Identified the +1 dire flail "Xabbid Qias" {vamp, rF+ Will+
                  | Str-2 Dex+2}
135016 | Pan      | Got a fiery rune of Zot
135611 | Pan      | Identified the +1 quarterstaff "Taozestr Ufie" {drain,
                  | rPois rC++}
135656 | Pan      | Identified the +7 dagger "Icynaipn" {drain, Dex+5}
135658 | Pan      | Got Woimopro's Guidebook on Orientation
135734 | Pan      | Found an exit through the horrors of the Abyss.
136100 | Pan      | Noticed Ymiuxog the pandemonium lord
136292 | Pan      | Identified the +8 glaive "Xoynez" {pain, rN+ Int+3}
136855 | Pan      | Killed Ymiuxog the pandemonium lord
137306 | Pan      | Found an exit through the horrors of the Abyss.
137488 | Pan      | Reached skill level 15 in Polearms
137490 | Pan      | Noticed Woecsojo the pandemonium lord
137500 | Pan      | Killed Woecsojo the pandemonium lord
137866 | Pan      | Found a transporter.
138624 | Pan      | Found a transporter.
139304 | Pan      | Identified the ring "Naink" {rF+ rN+ Slay-6 SInv}
139406 | Pan      | Identified the +0 pair of gloves of Enogyet {Rampage Str+4
                  | Int-4}
139563 | Pan      | Found an exit through the horrors of the Abyss.
139583 | Pan      | Took an exit into the Abyss.
139583 | Abyss:4  | Escaped into the Abyss
139638 | Abyss:4  | Noticed a dread lich
139652 | Abyss:4  | Killed a dread lich
139708 | Abyss:5  | Found a corrupted altar of Lugonu.
139799 | Abyss:5  | Noticed an ancient lich
139807 | Abyss:5  | Killed an ancient lich
140103 | Abyss:6  | Noticed a dread lich
140108 | Abyss:6  | Killed a dread lich
140116 | Depths:2 | Escaped the Abyss
140286 | Hell     | Found a gateway to the freezing wastes of Cocytus.
140425 | Hell     | Found a gateway to the ashen valley of Gehenna.
140566 | Hell     | Found a gateway to the decaying netherworld of Tartarus.
140685 | Dis:1    | Entered Level 1 of the Iron City of Dis
141707 | Dis:3    | Noticed a dread lich
141714 | Dis:3    | Killed a dread lich
142263 | Dis:5    | You are sucked into a shaft and drop 1 floor!
142742 | Dis:7    | Entered Level 7 of the Iron City of Dis
144412 | Dis:7    | Noticed the Serpent of Hell
144435 | Dis:7    | Killed the Serpent of Hell
144716 | Dis:7    | Found the +4 staff of Dispater
144716 | Dis:7    | Noticed Dispater
144739 | Dis:7    | Killed Dispater
144765 | Dis:7    | Got an iron rune of Zot
144971 | Dis:7    | Identified the +12 scimitar "Nuomn" {drain, Str+4 Int+4
                  | Dex-3}
145416 | Dis:7    | Found the +5 Lochaber axe {reach-cleave, Poleaxe Drain}
145436 | Dis:7    | Identified the +4 hand axe of Nightmares {speed, rElec rF+}
145550 | Dis:7    | Got the Incunable of the Septic Sixfirhy
145751 | Tar:1    | Entered Level 1 of Tartarus
148314 | Tar:7    | Entered Level 7 of Tartarus
148318 | Tar:7    | Noticed a dread lich
148328 | Tar:7    | Killed a dread lich
148424 | Tar:7    | Noticed an ancient lich
148433 | Tar:7    | Killed an ancient lich
148702 | Tar:7    | Noticed an ancient lich
148711 | Tar:7    | Killed an ancient lich
149062 | Tar:7    | Identified the ring "Xippaxzuc" {rC+ Dex+6}
149063 | Tar:7    | Identified the +1 crystal plate armour of Usiecohoyz {Fly}
149205 | Tar:7    | Noticed Ereshkigal
149222 | Tar:7    | Killed Ereshkigal
149347 | Tar:7    | Got a bone rune of Zot
149514 | Tar:7    | Identified the +7 battleaxe of Scorn {vamp, rElec rC-
                  | Str+2}
149552 | Tar:7    | Identified the +5 mace of Bloodstone {protect, rPois rF++
                  | Int-2}
149677 | Tar:7    | Reached skill level 27 in Invocations
149837 | Tar:7    | Identified the ring of Imnusuf {Wiz Drain rC+ rN+}
149943 | Tar:7    | Identified the +11 quarterstaff "Enwehaj" {heavy, rF+}
150271 | Coc:1    | Entered Level 1 of Cocytus
150440 | Coc:2    | You are sucked into a shaft and drop 2 floors!
151048 | Coc:7    | Entered Level 7 of Cocytus
151293 | Coc:7    | Paralysed by a wendigo for 1 turns
151966 | Coc:7    | Noticed Antaeus
151983 | Coc:7    | Killed Antaeus
152004 | Coc:7    | Got an icy rune of Zot
152755 | Coc:7    | Identified the +5 battleaxe of Golden Defence {heavy,
                  | Dex+3}
152889 | Geh:1    | Entered Level 1 of Gehenna
154710 | Geh:7    | Entered Level 7 of Gehenna
156035 | Geh:7    | Identified the +8 double sword of Extremism {chaos, rF+}
156110 | Geh:7    | Found the +7 sceptre of Asmodeus
156110 | Geh:7    | Noticed Asmodeus
156335 | Geh:7    | Killed Asmodeus
156450 | Geh:7    | Identified the +9 longbow "Ceffierch" {flame, MP+9 Dex+6}
156485 | Geh:7    | Identified the +2 ring mail of Midsummer {rC+ Str+6 Stlth-}
156505 | Geh:7    | Got an obsidian rune of Zot
157368 | Tomb:1   | Entered Level 1 of the Tomb of the Ancients
157863 | Tomb:1   | Noticed a royal mummy
157864 | Tomb:1   | Noticed a royal mummy
157864 | Tomb:1   | Noticed a royal mummy
157880 | Tomb:1   | Killed a royal mummy
158069 | Tomb:1   | Noticed Boris
158075 | Tomb:1   | Killed Boris
158155 | Tomb:1   | Killed a royal mummy
158352 | Tomb:1   | Killed a royal mummy
158515 | Tomb:1   | Noticed a royal mummy
158521 | Tomb:1   | Killed a royal mummy
158723 | Tomb:1   | Acquired the +8 whip "Snakebite" {venom, curare, rPois}
158723 | Tomb:1   | Found the +8 whip "Snakebite" {venom, curare, rPois}
159144 | Zot:1    | Acquired a book of Annihilations
159966 | Tomb:2   | Noticed a royal mummy
159967 | Tomb:2   | Noticed a royal mummy
159967 | Tomb:2   | Noticed a royal mummy
159970 | Tomb:2   | Reached skill level 27 in Polearms
159989 | Tomb:2   | Noticed a royal mummy
160007 | Tomb:2   | Killed a royal mummy
160041 | Tomb:2   | Lost mutation: Your mind is very acute. (Int +8, Str/Dex
                  | -2) [mutagenic glow]
160052 | Tomb:2   | Killed a royal mummy
160110 | Tomb:2   | Killed a royal mummy
160209 | Tomb:2   | Killed a royal mummy
160551 | Tomb:2   | Identified the +10 short sword "Secret Weapon" {freeze,
                  | rPois rC++ SInv Stlth-}
160713 | Tomb:2   | Learned a level 9 spell: Shatter
160744 | Tomb:1   | Noticed a royal mummy
160744 | Tomb:1   | Noticed a royal mummy
160751 | Tomb:1   | Killed a royal mummy
160772 | Tomb:1   | Killed a royal mummy
160860 | Tomb:1   | Noticed a royal mummy
160868 | Tomb:1   | Killed a royal mummy
160926 | Tomb:1   | Noticed a royal mummy
160932 | Tomb:1   | Killed a royal mummy
160941 | Tomb:1   | Noticed a royal mummy
160944 | Tomb:1   | Killed a royal mummy
161046 | Tomb:1   | Noticed a royal mummy
161048 | Tomb:1   | Noticed a royal mummy
161050 | Tomb:1   | Noticed a royal mummy
161053 | Tomb:1   | Noticed a royal mummy
161053 | Tomb:1   | Noticed a royal mummy
161054 | Tomb:1   | Killed a royal mummy
161059 | Tomb:1   | Killed a royal mummy
161060 | Tomb:1   | Noticed a royal mummy
161160 | Tomb:1   | Killed a royal mummy
161320 | Tomb:1   | Killed a royal mummy
161377 | Tomb:1   | Killed a royal mummy
161539 | Tomb:1   | Killed a royal mummy
161589 | Tomb:1   | Noticed a royal mummy
161597 | Tomb:1   | Killed a royal mummy
161606 | Tomb:1   | Noticed a royal mummy
161615 | Tomb:1   | Killed a royal mummy
161619 | Tomb:1   | Noticed a royal mummy
161628 | Tomb:1   | Killed a royal mummy
161687 | Tomb:1   | Noticed a royal mummy
161688 | Tomb:1   | Noticed a royal mummy
161689 | Tomb:1   | Noticed a royal mummy
161689 | Tomb:1   | Noticed a royal mummy
161693 | Tomb:1   | Noticed a royal mummy
161697 | Tomb:1   | Killed a royal mummy
161702 | Tomb:1   | Killed a royal mummy
161770 | Tomb:1   | Killed a royal mummy
161818 | Tomb:1   | Killed a royal mummy
161959 | Tomb:1   | Killed a royal mummy
162305 | Tomb:3   | Entered Level 3 of the Tomb of the Ancients
162316 | Tomb:3   | Was placed under penance by Zin
162317 | Tomb:3   | Donated 5240 gold pieces to Zin
162323 | Tomb:3   | Found the ring of the Mage {Wiz Archmagi}
162365 | Tomb:3   | Noticed a royal mummy
162366 | Tomb:3   | Noticed a royal mummy
162371 | Tomb:3   | Noticed a royal mummy
162504 | Tomb:2   | Was forgiven by Zin
162552 | Tomb:3   | Noticed a royal mummy
162555 | Tomb:3   | Noticed a royal mummy
162564 | Tomb:3   | Killed a royal mummy
162570 | Tomb:3   | Noticed a royal mummy
162585 | Tomb:3   | Killed a royal mummy
162596 | Tomb:3   | Noticed a royal mummy
162598 | Tomb:3   | Killed a royal mummy
162733 | Tomb:3   | Noticed a royal mummy
162789 | Tomb:3   | Noticed a royal mummy
162800 | Tomb:3   | Killed a royal mummy
162805 | Tomb:3   | Killed a royal mummy
163041 | Tomb:3   | Killed a royal mummy
163044 | Tomb:3   | Killed a royal mummy
163048 | Tomb:3   | Killed a royal mummy
163065 | Tomb:3   | Killed a royal mummy
163218 | Tomb:3   | Identified the amulet "Iwujiupt" {Spirit Int+3}
163224 | Tomb:3   | Identified the +2 arbalest "Nanupleo" {flame, Int+5}
163228 | Tomb:3   | Identified the +0 trident of Doom {drain, rPois Str-3
                  | Dex+8}
163232 | Tomb:3   | Identified the ring "Deir Moi" {Drain rN+++ Will+ EV+5}
163283 | Tomb:3   | Identified the +7 scimitar "Lifebane" {flame, rElec rCorr
                  | MP+9 Str+5}
163385 | Tomb:3   | Got a golden rune of Zot
164320 | Pan      | Entered Pandemonium
164488 | Pan      | Reached skill level 1 in Long Blades
164640 | Pan      | Found an exit through the horrors of the Abyss.
165406 | Pan      | Noticed Qafikk the pandemonium lord
165415 | Pan      | Killed Qafikk the pandemonium lord
165508 | Pan      | Identified the +7 spear "Xienopue" {spect, rElec rC+ MP+9
                  | Int+2}
166270 | Pan      | Noticed Seregacs the pandemonium lord
166277 | Pan      | Killed Seregacs the pandemonium lord
167231 | Pan      | Found an exit through the horrors of the Abyss.
167580 | Pan      | Identified the +1 dagger of Beogh's Condemnation {flame,
                  | rN+ Int+2 Dex+2}
167824 | Pan      | Noticed Iteobbas the pandemonium lord
167835 | Pan      | Killed Iteobbas the pandemonium lord
167935 | Pan      | Took an exit into the Abyss.
167935 | Abyss:6  | Escaped into the Abyss
167955 | Abyss:6  | Found a corrupted altar of Lugonu.
167962 | Abyss:7  | Entered Level 7 of the Abyss
167962 | Abyss:7  | Found a corrupted altar of Lugonu.
168007 | Depths:2 | Escaped the Abyss
168133 | Zig:1    | Entered Level 1 of a ziggurat
168156 | Zig:2    | Entered Level 2 of a ziggurat
168186 | Zig:3    | Entered Level 3 of a ziggurat
168229 | Zig:3    | Identified the +2 robe of Atzepizi {Harm rN+ Regen+}
168232 | Zig:4    | Entered Level 4 of a ziggurat
168307 | Zig:5    | Entered Level 5 of a ziggurat
168384 | Zig:5    | Identified the +2 leather armour of Thoughtfulness {+Inv
                  | rC+ Will+}
168394 | Zig:6    | Entered Level 6 of a ziggurat
168399 | Zig:6    | Noticed a royal mummy
168403 | Zig:6    | Found the ring of Shadows {Umbra +Inv Stlth+}
168406 | Zig:6    | Killed a royal mummy
168515 | Zig:6    | Identified the +1 leather armour of Duty {Regen+}
168530 | Zig:7    | Entered Level 7 of a ziggurat
168539 | Zig:7    | Found the +8 lance "Wyrmbane" {slay drac, rPois rF+ rC+
                  | AC+3}
168578 | Zig:7    | Identified the +8 scale mail "Goduog" {Str+4 Int-5 Dex+4
                  | Slay-6}
168645 | Zig:8    | Entered Level 8 of a ziggurat
168653 | Zig:8    | Noticed a juggernaut
168667 | Zig:8    | Killed a juggernaut
168729 | Zig:8    | Identified the +2 executioner's axe "Fip Wur" {flame, rElec
                  | MP+9 Int+3 Dex+2}
168746 | Zig:9    | Entered Level 9 of a ziggurat
168846 | Zig:9    | Identified the ring "Hiufreirph" {rN+ Int+2 Dex+2 Stlth+}
168854 | Zig:9    | Got Coeroinu's Enchiridion on the Cumulonimbus and Combat
                  | Magic
168870 | Zig:10   | Entered Level 10 of a ziggurat
168952 | Zig:10   | Identified the ring "Netowk" {Will+ Slay+4}
168955 | Zig:10   | Identified the +2 ring mail of the Lute {Str+4 Dex-3}
168961 | Zig:10   | Identified the +0 flail "Xoowk" {flame, rF++}
168973 | Zig:10   | Identified the +0 fire dragon scales of Amorality {rElec
                  | rF++ rC- MP+9}
168976 | Zig:11   | Entered Level 11 of a ziggurat
168987 | Zig:11   | Noticed a dread lich
168991 | Zig:11   | Noticed an ancient lich
168994 | Zig:11   | Noticed a dread lich
168997 | Zig:11   | Noticed an ancient lich
168997 | Zig:11   | Killed a dread lich
169000 | Zig:11   | Killed an ancient lich
169003 | Zig:11   | Killed a dread lich
169006 | Zig:11   | Killed an ancient lich
169192 | Zig:11   | Identified the ring of Ilempu {Ice rPois rN+ Dex-4 Slay+3}
169202 | Zig:12   | Entered Level 12 of a ziggurat
169207 | Zig:12   | Noticed an orb of fire
169207 | Zig:12   | Noticed an orb of fire
169218 | Zig:12   | Noticed an orb of fire
169221 | Zig:12   | Noticed an orb of fire
169222 | Zig:12   | Killed an orb of fire
169230 | Zig:12   | Killed an orb of fire
169234 | Zig:12   | Killed an orb of fire
169241 | Zig:12   | Killed an orb of fire
169242 | Zig:12   | Reached skill level 27 in Earth Magic
169399 | Zig:12   | Identified the ring "Imuwn" {Fire *Slow Will+ Str+3 Int+5}
169432 | Zig:13   | Entered Level 13 of a ziggurat
169436 | Zig:13   | Noticed an ancient lich
169442 | Zig:13   | Noticed a dread lich
169449 | Zig:13   | Killed an ancient lich
169455 | Zig:13   | Killed a dread lich
169456 | Zig:13   | Noticed a dread lich
169467 | Zig:13   | Killed a dread lich
169593 | Zig:13   | Identified the amulet of Dithmenos, Stopping {Spirit rN+
                  | Str+3}
169610 | Zig:13   | Identified the ring "Suxung" {Drain rF+ Will+ Str+2 Dex+2}
169614 | Zig:13   | Identified the +5 leather armour of Leaves {Int+3 Dex+4}
169616 | Zig:13   | Identified the +2 short sword of Uncertain Death {heavy,
                  | Fragile rPois rC- Str+9}
169619 | Zig:13   | Identified the +7 plate armour of Daffodils {Fly rF+ Str+3
                  | Dex-4}
169627 | Zig:14   | Entered Level 14 of a ziggurat
169771 | Zig:14   | Found the +4 robe of Folly {Brill Will-∞ Int+8}
169811 | Zig:15   | Entered Level 15 of a ziggurat
169878 | Zig:15   | Identified the +8 short sword "Gievah" {vamp, Str+4 Int+3}
169886 | Zig:15   | Identified the +1 cloak of Pahost {rPois rF- Will+}
169973 | Zig:15   | Identified the +1 mace of Sufficient Defence {freeze,
                  | rElec}
169992 | Zig:16   | Entered Level 16 of a ziggurat
170118 | Zig:16   | Identified the +8 halberd of Hisoch {elec, Int+3}
170119 | Zig:16   | Identified the amulet of Untruth {Regen+ Dex+6}
170123 | Zig:16   | Identified the +1 rapier "Boagonk" {drain, rC+ Int+2}
170129 | Zig:16   | Identified the +0 battleaxe of Wu Jian's Regard {spect,
                  | rF++ Str+3 Int-5}
170169 | Zig:17   | Entered Level 17 of a ziggurat
170354 | Zig:17   | Identified the +7 short sword of Powerful Prudence {vamp,
                  | rN+}
170363 | Zig:17   | Identified the +4 dire flail of Dithmenos, Keeping {freeze,
                  | rPois rN+ Stlth+}
170369 | Zig:17   | Got the Vellum of Freezing
170371 | Zig:17   | Identified the +1 ring mail of Hysteria {Slay+3}
170385 | Zig:18   | Entered Level 18 of a ziggurat
170655 | Zig:18   | Found the +8 demon blade "Leech" {evervamp, Harm Drain rN+}
170671 | Zig:18   | Identified the ring "Fuonux" {Wiz Str+2}
170675 | Zig:18   | Identified the +8 quarterstaff of the Healing Dove {drain,
                  | Str+7}
170704 | Zig:19   | Entered Level 19 of a ziggurat
170736 | Zig:19   | Reached skill level 10 in Ice Magic
170738 | Zig:19   | Noticed Vokhur the pandemonium lord
170755 | Zig:19   | Identified the +8 dagger "Biasmiakutt" {flame, rF+ rCorr
                  | Dex+3}
170771 | Zig:20   | Entered Level 20 of a ziggurat
170801 | Zig:20   | Noticed a dread lich
170801 | Zig:20   | Noticed a dread lich
170801 | Zig:20   | Noticed an ancient lich
170805 | Zig:20   | Identified the ring of Ecuafei {rC+ Dex+6}
170806 | Zig:20   | Identified the ring "Pioh" {rElec rPois Int+2 Slay+2 SInv}
170844 | Zig:20   | Killed a dread lich
170907 | Zig:20   | Killed an ancient lich
170915 | Zig:20   | Killed a dread lich
171101 | Zig:20   | Identified the +6 demon blade "Etauliol" {pain, rElec rC-
                  | Str+3}
171170 | Zig:21   | Entered Level 21 of a ziggurat
171411 | Zig:21   | Identified the +7 hand axe of the Absolute Madman {distort,
                  | +Blink}
171415 | Zig:21   | Identified the +1 spear of World's End {elec, Int+4}
171484 | Zig:22   | Entered Level 22 of a ziggurat
171545 | Zig:22   | Reached skill level 15 in Ice Magic
171574 | Zig:22   | Donated 4387 gold pieces to Zin
171578 | Zig:22   | Found the +7 great mace "Undeadhunter" {deathbane, rN+}
171579 | Zig:22   | Found the necklace of Bloodlust {Fury *Rage Will++ Int-3
                  | Slay+6}
171890 | Zot:5    | Got the Orb of Zot
171896 | Zot:5    | Noticed Hek Xuuz the pandemonium lord
171905 | Zot:5    | Killed Hek Xuuz the pandemonium lord
171969 | Zot:5    | Noticed Tauphut the pandemonium lord
171969 | Zot:5    | Noticed an ancient lich
172564 | D:6      | Killed TryHard88's ghost
172568 | D:6      | Killed zamzamzam's ghost
172688 | D:2      | Noticed Tologrin the pandemonium lord
172698 | D:2      | Killed Tologrin the pandemonium lord
172798 | D:$      | Escaped with the Orb!

Illustrated notes

Levels and vault maps discovered:
D:1:      mrwooster_arrival_statue_3, layout_loops_corners
D:2:      layout_rooms, chequers_ecumenical_altar_simple
D:3:      layout_rooms, nicolae_uskayaw_suspiria, item_on_display_b, uniq_ijyb
D:4:      gammafunk_cloud_chamber, layout_layer_cave, marbit_many_paths,
          old_standard_altar, temple_doors_ab
D:5:      layout_rooms, mainiacjoe_overflow_chevrons, amcnicky_altar_gilded,
          cheibrodos_ashenzari_chains, serial_bayou_ford_a
D:6:      layout_rooms, nicolae_ru_path_of_blood, nicolae_vehumet_radiance,
          elyvilon_altar_4, nicolae_qazlal_scattered_showers,
          gammafunk_ghost_cemetery
D:7:      layout_cave_pods, nzn_wu_jian_contemplation, kennysheep_mini_moat,
          uniq_menkaure
D:8:      minmay_flawed_box, layout_loops_ring, enter_bailey_2,
          kennysheep_generic_room_10
D:9:      layout_loops_cross, mainiacjoe_overflow_brackets, serial_shops,
          nicolae_shop_stone, serial_park_tiny_1, uniq_pikel
D:10:     layout_basic, tgw_fedhas, orc_0_dummy, uniq_lodul
D:11:     layout_irregular_city, erik_lair_orcish_takeover, nzn_ghost_randoct,
          centaur_isle
D:12:     layout_irregular_city, kennysheep_minor_cross
D:13:     layout_loops_ring, grunt_vaults_entry_tiered, serial_shops,
          shop_fountains, uniq_maurice
D:14:     layout_roguey [special_room_orc], serial_demonic, serial_demonic_a,
          serial_demonic_d, serial_demonic_a, serial_demonic_f,
          cheibriados_altar_1, minmay_strange_pillars, uniq_louise, uniq_snorg
D:15:     hangedman_depths_entry_try_elsewhere_first, layout_irregular_city,
          nicolae_dithmenos_through_a_glass_darkly, serial_shops,
          nicolae_shop_trees, uniq_kirke
Temple:   nicolae_temple_superstar
Lair:1:   layout_misc_corridors, uniq_nergalle
Lair:2:   layout_regular_city, gammafunk_ghost_abyssal_escape
Lair:3:   layout_gridlike, skrybe_swamp_entry_bodies, spider_nest_entry_rubble,
          wad_woods_river_01, infiniplex_staircase_pool_2
Lair:4:   layout_hall_layers, dpeg_slime_entry_enclosed, grunt_megastairs_1,
          serial_bayou_shore_b, infiniplex_staircase_pool, serial_bayou_shore_b,
          lemuel_fruit_fields
Lair:5:   gammafunk_lair_ancient_temple, layout_concentric_octagons,
          serial_bayou_pond_d
Swamp:1:  layout_falls_marsh, portal_ice_cave_entry_dragon,
          nicolae_swamp_well_well_well, swamp_pool5
Swamp:2:  cheibrodos_swamp_tower_of_moss, layout_falls_marsh,
          nicolae_swamp_trees_clearing, swamp_pool1
Swamp:3:  layout_basic_swamp, nicolae_swamp_small_spring, uniq_mara, uniq_nikola
Swamp:4:  swamp_icy, layout_basic_swamp, swamp_pool2,
          nicolae_swamp_dragon_and_kin
Spider:1: layout_spider_delve, nicolae_spider_rock_and_or_roll
Spider:2: layout_spider_delve
Spider:3: layout_spider_delve, gammafunk_ghost_arena
Spider:4: grunt_spider_rune_circles
Slime:1:  layout_caves
Slime:2:  cheibrodos_slime_lost_civilization_3, layout_caves
Slime:3:  layout_caves, nicolae_slime_welcoming_committee
Slime:4:  layout_caves, cheibrodos_slime_lost_civilization_4
Slime:5
Orc:1:    layout_caves, basic_altar
Orc:2:    pf_orc_diabolical, layout_caves
Elf:1:    elf_arrival_001, layout_gridlike, gammafunk_ghost_ooze, basic_altar,
          serial_shops, shop_fountains, nicolae_shop_bloodbath_and_beyond,
          hangedman_elf_disciples, nicolae_shop_overcharged_wands
Elf:2:    nicolae_elf_blades_crystal_corner, layout_geoelf_diagonals,
          minmay_shop_grove
Elf:3:    minmay_elf_hall_circle, layout_loops_ring, ebering_ghost_rock_garden,
          serial_shops, shop
Vaults:1: nicolae_vaults_arrows, ontoclasm_vaults_ring_small, v_misc_3,
          hangedman_vaults_cutoff, vaults_room_hallway, hangedman_vaults_maws,
          vaults_room_semicircle, hangedman_vaults_maws, vaults_room_pools,
          vaults_room_door_ring, nicolae_vaults_border_crossing,
          vaults_dpeg_ring, layout_vaults_omnigrid, serial_shops,
          nicolae_lakefront_shop
Vaults:2: infiniplex_enter_wizlab_spiral, v_misc_11,
          nicolae_vaults_little_squares_6, nicolae_vaults_little_squares_4,
          grunt_vaults_focal, v_misc_18, nicolae_vaults_big_ls,
          layout_vaults_chaotic_city, serial_glass, serial_shops,
          nicolae_shop_hallway_plus, uniq_jory, uniq_donald, uniq_asterion,
          uniq_saint_roka
Vaults:3: portal_desolation_entry_garden, vaults_room_door_ring,
          hangedman_vaults_slice, nicolae_vaults_bisected_slash,
          nicolae_vaults_theta, v_misc_28, nicolae_vaults_angled_halls,
          vaults_room_corners, minmay_crypt_entry_nasty_monster,
          nicolae_vaults_octagons, vaults_dpeg_hooks, v_pattern_3,
          dpeg_vaults_monster_box, layout_vaults_omnibox, serial_glass,
          serial_shops
Vaults:4: ontoclasm_vaults_ligature, vaults_standard_mumra_lines,
          hangedman_vaults_stretched_pinwheel, vaults_dpeg_encased_lava,
          hangedman_vaults_cutoff, v_misc_8, v_misc_4,
          nicolae_vaults_little_squares_3, v_misc_30, vaults_room_door_hall,
          v_misc_13, st_hourglassy, v_rooms_4, vaults_room_grid,
          hangedman_vaults_corner_blocks, layout_vaults_maze, uniq_boris
Vaults:5: serial_shops
Crypt:1:  layout_regular_city, st_stairs_1, grunt_ministairs_12
Crypt:2:  layout_misc_corridors, special_room [special_room_morgue],
          nicolae_elevator_lobby_asterisk, uniq_margery
Crypt:3:  due_elkab, layout_chaotic_city, uniq_frederick
Tomb:1
Tomb:2
Tomb:3
Depths:1: layout_roguey, enter_ziggurat_d, grunt_metal_band, nzn_random_ring
Depths:2: minmay_the_grid_square_5x5_5x5 [minmay_the_grid_square_5x5_shuriken,
          minmay_the_grid_square_5x5_tetrominoes,
          minmay_the_grid_square_5x5_percent, minmay_the_grid_square_5x5_spiral,
          minmay_the_grid_square_5x5_dogpile,
          minmay_the_grid_square_5x5_tri_point,
          minmay_the_grid_square_5x5_prize_gold,
          minmay_the_grid_square_5x5_comb,
          minmay_the_grid_square_5x5_prize_snowflake,
          minmay_the_grid_square_5x5_six,
          minmay_the_grid_square_5x5_two_walls_a,
          minmay_the_grid_square_5x5_slash,
          minmay_the_grid_square_5x5_prize_itemx,
          minmay_the_grid_square_5x5_plus,
          minmay_the_grid_square_5x5_eight_small,
          minmay_the_grid_square_5x5_two, minmay_the_grid_square_5x5_prize_open,
          minmay_the_grid_square_5x5_misaligned,
          minmay_the_grid_square_5x5_prize_rear_guard,
          minmay_the_grid_square_5x5_spiral_small,
          minmay_the_grid_square_5x5_hourglass,
          minmay_the_grid_square_5x5_almost_minimal,
          minmay_the_grid_square_5x5_two_small,
          minmay_the_grid_square_5x5_lines, minmay_the_grid_square_5x5_inset],
          layout_long_grid, rand_demon_pan_entry_5,
          nicolae_concentric_dashed_squares_mild, hell_entry, uniq_sojobo
Depths:3: cheibrodos_birdhouse, layout_basic, hangedman_tar_grid_catacomb,
          nicolae_abyss_entry_one_way_or_another, uniq_grunn
Depths:4: grunt_zot_entry_bicorn, layout_cave_pools, kiku_gazebo_garden_becter,
          grunt_hell_entry_dis_mu
Hell
Dis:1:    layout_regular_city
Dis:2:    layout_regular_city, nicolae_dis_emergency_hatch
Dis:3:    layout_subdivisions, glass_columns_a
Dis:4:    layout_subdivisions
Dis:5:    layout_jigsaw
Dis:6:    nicolae_dis_metal_hellway, layout_gridville, lemuel_dis_dragons
Dis:7:    iron_city_of_dis [dis_old, dis_wall_6], layout_gridville
Geh:1:    layout_gehenna_lava_caves
Geh:2:    layout_gehenna_lava_caves
Geh:3:    layout_gehenna_pools_basic
Geh:4:    layout_gehenna_pools_triple
Geh:5:    layout_gehenna_pools_basic
Geh:6:    layout_gehenna_pools_box
Geh:7:    geh_mu
Coc:1:    layout_ice_bergs
Coc:2:    nicolae_coc_three_more_mouths, layout_ice_bergs
Coc:4:    layout_ice_bergs, nicolae_coc_kraken_the_ice
Coc:5:    layout_ice_bergs, nicolae_coc_icebean_singular
          [nicolae_sub_coc_subbean]
Coc:6:    layout_ice_bergs, nicolae_coc_statues_of_limitations
Coc:7:    coc_grunt
Tar:1:    layout_grid_maze
Tar:2:    minmay_shadows, layout_catacombs
Tar:3:    layout_catacombs, nicolae_tar_honey_chapel
Tar:4:    layout_cathedral_of_symmetry
Tar:5:    layout_catacombs
Tar:6:    layout_grid_maze, nicolae_hells_seeping_fissure
Tar:7:    tar_old
Zot:1:    kennysheep_spiral_hall, layout_misc_corridors
Zot:2:    layout_concentric_octagons, amethyst_zot_foddershock
Zot:3:    lemuel_draconian_sentries, layout_concentric_octagons,
          hangedman_zot_decor_unnerving_road
Zot:4:    grunt_twist_and_shout, layout_onion, ebering_ghost_xom,
          hangedman_spider_trapstep
Zot:5:    layout_misc_corridors, nicolae_transmutations_shop,
          hellmonk_bargain_basement

Skill      XL: |  1  2  3  4  5  6  7  8  9 10 11 12 13 14 15 16 17 18 19 20 21 22 23 24 25 26 27 |
---------------+----------------------------------------------------------------------------------+-----
Maces & Flails | 4 6 7 8 9 10 11 12 17 | 17.5
Invocations    | 2 4 5 6 7 8 10 12 14 15 18 20 22 27 | 27.0
Dodging        | 3 4 6 7 8 10 11 13 14 15 25 | 25.0
Fighting       | 4 5 6 7 8 11 13 14 15 25 | 25.0
Stealth        | 3 6 8 14 18 | 18.2
Short Blades   | 3 5 |  5.0
Spellcasting   | 2 4 5 6 7 9 10 11 13 14 20 | 20.8
Summonings     | 2 5 6 8 10 12 13 14 15 17 18 19 20 25 | 25.0
Shields        | 1 3 5 6 9 11 12 14 15 21 | 21.0
Ice Magic      | 3 5 16 | 16.0
Polearms       | 4 7 8 27 | 27.0
Poison Magic   | 1 4 10 | 10.3
Conjurations   | 1 2 17 | 17.0
Air Magic      | 1 3 |  3.0
Evocations     | 2 5 27 | 27.0
Transmutations | 9 |  9.0
Earth Magic    | 27 | 27.0
Long Blades    | 2 |  2.2

Action                     |  1- 3 |  4- 6 |  7- 9 | 10-12 | 13-15 | 16-18 | 19-21 | 22-24 | 25-27 || total
---------------------------+-------+-------+-------+-------+-------+-------+-------+-------+-------++-------
  Melee: Mace              |    44 |    62 |       |       |       |       |       |       |       ||   106
         Constrict         |    13 |    38 |    53 |    78 |   164 |   131 |   214 |   167 |  1151 ||  2009
         Tentacles         |     8 |    23 |    55 |   140 |   272 |   165 |   421 |   427 |  3191 ||  4702
         Unarmed           |       |    50 |       |       |       |       |       |       |       ||    50
         Kick              |       |    38 |    69 |   197 |   437 |   276 |   637 |   644 |  5091 ||  7389
         Punch             |       |     2 |     6 |     5 |    14 |    18 |    31 |    27 |   220 ||   323
         Morningstar       |       |    39 |   203 |    41 |   793 |   146 |       |       |       ||  1222
         Short sword       |       |       |       |   408 |       |       |       |       |       ||   408
         Glaive            |       |       |       |       |       |    68 |       |       |       ||    68
         Eveningstar       |       |       |       |       |       |   224 |  1066 |   956 |  3917 ||  6163
         Trishula          |       |       |       |       |       |    60 |       |       |  4164 ||  4224
         Staff             |       |       |       |       |       |       |       |       |   620 ||   620
         Double sword      |       |       |       |       |       |       |       |       |    11 ||    11
  Throw: Dart              |       |       |     4 |    16 |     4 |     5 |       |       |    15 ||    44
   Cast: Call Canine Famil |       |       |       |    17 |    38 |    50 |    26 |     3 |       ||   134
         Summon Guardian G |       |       |       |     3 |     4 |    14 |     4 |       |       ||    25
         Ozocubu's Armour  |       |       |       |     1 |    18 |     4 |     2 |     1 |     1 ||    27
         Mephitic Cloud    |       |       |       |       |       |    12 |     5 |       |     1 ||    18
         Summon Mana Viper |       |       |       |       |       |     1 |     3 |     1 |     2 ||     7
         Monstrous Menager |       |       |       |       |       |       |   130 |    43 |   151 ||   324
         Summon Hydra      |       |       |       |       |       |       |    20 |   176 |   815 ||  1011
         Summon Forest     |       |       |       |       |       |       |       |     3 |    36 ||    39
         Summon Lightning  |       |       |       |       |       |       |       |       |    10 ||    10
         Eringya's Noxious |       |       |       |       |       |       |       |       |    13 ||    13
         Dragon's Call     |       |       |       |       |       |       |       |       |   269 ||   269
         Spellforged Servi |       |       |       |       |       |       |       |       |    40 ||    40
         Lehudib's Crystal |       |       |       |       |       |       |       |       |    23 ||    23
         Apportation       |       |       |       |       |       |       |       |       |     7 ||     7
 Invoke: Donate Gold       |       |     2 |       |       |       |       |       |       |     3 ||     5
         Vitalisation      |       |     1 |     1 |     1 |     2 |     4 |     2 |     2 |   105 ||   118
         Recite            |       |       |     1 |     8 |    15 |     6 |    11 |    16 |   133 ||   190
         Imprison          |       |       |       |       |     1 |     2 |     3 |       |    36 ||    42
         Sanctuary         |       |       |       |       |       |     3 |     3 |       |    25 ||    31
Ability: Evoke Invisibilit |       |       |       |       |       |       |       |       |     3 ||     3
  Evoke: Piece from Xom's  |       |     2 |       |       |       |       |       |       |       ||     2
         Wand              |       |       |     2 |     7 |    15 |     6 |     2 |     1 |    32 ||    65
         Phial of floods   |       |       |       |       |       |       |       |       |     5 ||     5
         Phantom mirror    |       |       |       |       |       |       |       |       |     5 ||     5
         Lightning rod     |       |       |       |       |       |       |       |       |     4 ||     4
         Figurine of a zig |       |       |       |       |       |       |       |       |     1 ||     1
    Use: Potion            |     1 |     3 |     1 |     1 |     9 |     1 |     8 |       |    80 ||   104
         Scroll            |       |     3 |    14 |     5 |    16 |    17 |    11 |     2 |    97 ||   165
   Stab: Sleeping          |     5 |     8 |    13 |     8 |    28 |    27 |    52 |    37 |   156 ||   334
         Invisible         |       |       |     2 |     5 |       |       |     1 |     5 |    36 ||    49
         Confused          |       |       |       |     4 |    10 |     6 |    25 |    16 |    81 ||   142
         Paralysed         |       |       |       |     4 |    13 |       |    19 |    15 |    15 ||    66
         Distracted        |       |       |       |     1 |     8 |    11 |    30 |    51 |   544 ||   645
 Armour: Skin              |     5 |    53 |    48 |    58 |   187 |    52 |   105 |    58 |   114 ||   680
  Dodge: Dodged            |    34 |   147 |   146 |   242 |   589 |   327 |  1091 |   904 |  5462 ||  8942
  Block: Buckler           |       |       |       |    62 |   216 |     1 |       |       |       ||   279
         Kite shield       |       |       |       |       |       |   320 |  1154 |   954 |  6008 ||  8436
         Tower shield      |       |       |       |       |       |       |       |       |   720 ||   720
         Reflection        |       |       |       |       |       |       |       |       |    33 ||    33

Table legend: (Time is in decaauts)
 A = Elapsed time spent in this place.
 B = Non-inter-level travel time spent in this place.
 C = Inter-level travel time spent in this place.
 D = Time resting spent in this place.
 E = Time spent auto-exploring this place.
 F = Levels seen in this place.
 G = Mean time per level.
                   A        B        C        D        E       F      G
               +--------+--------+--------+--------+--------+-----+--------+
         Total | 171274 | 160501 |  10773 |  38531 |  83501 | 155 | 1105.0 |
       Dungeon |  29570 |  26113 |   3457 |  11911 |  10829 |  15 | 1971.3 |
        Temple |     33 |     20 |     13 |      0 |      8 |   1 |   33.0 |
          Lair |   8506 |   7850 |    656 |   1371 |   5083 |   5 | 1701.2 |
         Swamp |   3498 |   3303 |    195 |    128 |   2366 |   4 |  874.5 |
   Spider Nest |   4766 |   4349 |    417 |    443 |   2688 |   4 | 1191.5 |
    Slime Pits |   3234 |   3088 |    146 |    773 |   1355 |   5 |  646.8 |
  Orcish Mines |   3671 |   3474 |    197 |    875 |   1791 |   2 | 1835.5 |
   Elven Halls |   7623 |   7265 |    358 |   2029 |   3327 |   3 | 2541.0 |
        Vaults |  12222 |  10516 |   1706 |    606 |   7274 |   5 | 2444.4 |
         Crypt |   5461 |   4907 |    554 |    141 |   3289 |   3 | 1820.3 |
          Tomb |   5563 |   5100 |    463 |   1049 |   2774 |   3 | 1854.3 |
        Depths |   8240 |   7166 |   1074 |   1193 |   4295 |   4 | 2060.0 |
          Hell |    953 |    826 |    127 |     65 |    473 |   1 |  953.0 |
           Dis |   4861 |   4781 |     80 |    838 |   2844 |   7 |  694.4 |
       Gehenna |   4010 |   3814 |    196 |    406 |   2625 |   7 |  572.9 |
       Cocytus |   2509 |   2414 |     95 |    536 |   1316 |   6 |  418.2 |
      Tartarus |   4391 |   4197 |    194 |    400 |   2993 |   7 |  627.3 |
           Zot |   8855 |   8015 |    840 |    877 |   4877 |   5 | 1771.0 |
         Abyss |   1195 |   1195 |      0 |     17 |    422 |   8 |  149.4 |
   Pandemonium |  41092 |  41092 |      0 |  13257 |  17858 |  21 | 1956.8 |
      Ziggurat |   5339 |   5339 |      0 |   1017 |   1991 |  35 |  152.5 |
        Bailey |    557 |    557 |      0 |      0 |    332 |   1 |  557.0 |
      Ice Cave |   1019 |   1019 |      0 |    302 |    385 |   1 | 1019.0 |
        Wizlab |   2335 |   2335 |      0 |    119 |   1417 |   1 | 2335.0 |
    Desolation |   1760 |   1760 |      0 |    178 |    888 |   1 | 1760.0 |
               +--------+--------+--------+--------+--------+-----+--------+

Top non-repeatable levels by time:
     D:1: 12254 daAuts
  Tomb:1: 3230 daAuts
   Elf:2: 2971 daAuts
   Dis:7: 2883 daAuts
   Orc:2: 2858 daAuts
Vaults:1: 2846 daAuts
Depths:1: 2690 daAuts
   Elf:1: 2623 daAuts
    D:13: 2606 daAuts
 Crypt:3: 2573 daAuts
Vaults:4: 2379 daAuts
Vaults:2: 2348 daAuts
Vaults:5: 2339 daAuts
  WizLab: 2335 daAuts
   Zot:5: 2315 daAuts
